Cogmind - Beta 15 @@@ ROGUE MODE // 2025.08.26 @ 17:27:13 Player: morimori Result: Destroyed by H-88 Terminator with KE Penetrator Performance ------------- Evolutions (8) 4000 Regions Visited (32) 6400 Robots Destroyed (253) 1265 Value Destroyed (9568) 9568 Prototype IDs (102) 2040 Alien Tech Used (10) 2000 Bonus (11167) 11167 TOTAL SCORE: 36440 Bonus ------- High Alert Combat Kills 118 Follower Combat Kills 1614 Network Hubs Disabled 400 Met Data Miner 300 Met Zhirov 300 Met Warlord at Base 500 MAIN.C Attacked Warlord 500 Warlord Defense Kills 2342 Built Enhanced Grunts 300 A7 Reached Mainframe 300 Met R17 at Cetus 500 Used Core Reset Matrix 3000 Met R17 at Research 2000 Met Warlord at Research 2000 Friendly Fire -3007 Cogmind --------- Core Integrity 0/1450 Matter 73/300 Energy 99/100 System Corruption 4% Temperature Cool (0) +ITN Movement Core (50) +NEM 1 Location -2/Section 7 Parts ------- > --- POWER (2) -------- (None) > --- PROPULSION (6) --- (None) > --- UTILITY (13) ----- Experimental Terrain Scan Processor > --- WEAPON (2) ------- (None) > --- INVENTORY (5) ---- Drained L-Cannon Peak State ------------ > --- POWER ------------ Vortex Chain Reactor > --- PROPULSION ------- Biometal Heavy Treads Experimental Biometal Heavy Treads Advanced Heavy Siege Treads > --- UTILITY ---------- Huge Storage Unit Long-range Sensor Array Experimental Signal Interpreter Long-range Terrain Scanner Experimental Terrain Scan Processor Precision Energy Filter Experimental Reaction Control System Experimental Utility Shielding Phase Armor Graphene Brace Thermal Barrier Improved Component Analysis Suite > --- WEAPON ----------- Improved Potential Cannon > --- INVENTORY -------- Armored Heavy Treads Experimental Power Amplifier Advanced Coolant Injector Advanced Coolant Injector Weapon Mount Core Analyzer Improved Armor Integrity Analyzer Precision Energy Filter Particle Accelerator Quantum Capacitor Experimental Utility Shielding Heavy Reactive Plating Advanced EM Shield Phase Redirector Advanced Point Defense System High-powered Transdimensional Reconstructor Core Reset Matrix Subatomic Replicator Vortex Cannon Omega Cannon Gamma Bomb Array [Rating: 228] Favorites ----------- Power Mini Fusion Reactor Engine Angular Momentum Engine Power Core Light Fission Core Reactor Mini Fusion Reactor Propulsion Cooled Gravmag System Treads Experimental Biometal Heavy Treads Leg Experimental Myomer Leg Wheel Wheel Hover Unit Cooled Gravmag System Utility Improved Hacking Suite Device Long-range Sensor Array Storage Large Storage Unit Processor Advanced Signal Interpreter Hackware Improved Hacking Suite Protection Experimental Utility Shielding Artifact Phase Armor Weapon Power Sword Energy Gun Improved EM Shotgun Energy Cannon Matter Neutralizer Ballistic Gun Improved Assault Rifle Ballistic Cannon Antimatter Cannon Launcher Gamma Bomb Array Impact Weapon Great Maul Slashing Weapon Power Sword Build | -11 -10 -10 -9 -9 -8 -7 -7 -7 -7 -6 -6 -6 -6 -6 -6 -5 -5 -5 -5 -5 -5 -4 -4 -4 -4 -4 -3 -3 -3 -2 -2 -2 ------- Run | Yrd Mat Min Mat Min Mat Fac Low Low Dat Pro Fac Ext Cet Arc Hub Fac Was Fac Upp Upp Zhi Pro Fac Upp Upp War Pro Res Qua Res Tes Sec Slots Evolved 16 | . . . 2 . 2 2 . . . . 2 . . . . 2 . . . . . . 2 . . . . 2 . 2 . . Power 1 | . . . . . . . . . . . . . . . . . . . . . . . . . . . . 1 . . . . Propulsion 4 | . . . . . 2 1 . . . . . . . . . 1 . . . . . . . . . . . . . . . . Utility 11 | . . . 2 . . 1 . . . . 2 . . . . 1 . . . . . . 2 . . . . 1 . 2 . . Weapon . | . . . . . . . . . . . . . . . . . . . . . . . . . . . . . . . . . Parts Attached 229 | 9 15 10 24 4 2 13 4 . 1 3 22 6 1 7 . 22 2 3 . . 4 1 28 . . 11 3 11 8 4 11 . Power 22 | 1 3 1 4 . . 1 . . . . 3 . 1 . . 3 . . . . 1 . 3 . . . . . . . 1 . Engine 11 | 1 3 . 4 . . . . . . . . . 1 . . 2 . . . . . . . . . . . . . . . . Core 6 | . . 1 . . . 1 . . . . 3 . . . . 1 . . . . . . . . . . . . . . . . Reactor 5 | . . . . . . . . . . . . . . . . . . . . . 1 . 3 . . . . . . . 1 . Propulsion 67 | 2 7 4 8 1 1 5 . . . 1 7 . . . . 8 2 . . . . . 1 . . 6 1 6 4 3 . . Treads 7 | . . . . . . . . . . . . . . . . . . . . . . . . . . . . 1 3 3 . . Leg 13 | . . . . . . . . . . . . . . . . . . . . . . . . . . 6 1 5 1 . . . Wheel 21 | 2 7 4 6 1 1 . . . . . . . . . . . . . . . . . . . . . . . . . . . Hover 26 | . . . 2 . . 5 . . . 1 7 . . . . 8 2 . . . . . 1 . . . . . . . . . Flight . | . . . . . . . . . . . . . . . . . . . . . . . . . . . . . . . . . Utility 100 | 3 2 2 8 1 1 4 2 . 1 2 9 3 . 5 . 9 . 3 . . 3 1 19 . . 5 1 5 3 1 7 . Device 39 | 2 1 2 . . . 1 1 . . . 1 3 . 1 . 3 . . . . 2 1 9 . . 4 1 1 1 . 5 . Storage 7 | 1 . . 2 . . . . . . . 1 . . . . 1 . . . . . . . . . 1 . . . . 1 . Processor 11 | . . . 2 . . 1 . . . 2 3 . . . . . . . . . . . 2 . . . . 1 . . . . Hackware 26 | . . . . . . 1 . . . . 4 . . 4 . 4 . 2 . . . . 8 . . . . 3 . . . . Protection 15 | . 1 . 4 1 1 1 1 . 1 . . . . . . 1 . 1 . . 1 . . . . . . . 2 . . . Artifact 2 | . . . . . . . . . . . . . . . . . . . . . . . . . . . . . . 1 1 . Weapon 40 | 3 3 3 4 2 . 3 2 . . . 3 3 . 2 . 2 . . . . . . 5 . . . 1 . 1 . 3 . Energy Gun 3 | 1 . . 1 1 . . . . . . . . . . . . . . . . . . . . . . . . . . . . Energy Cannon 11 | . . . 1 . . . . . . . 1 . . . . 1 . . . . . . 4 . . . 1 . . . 3 . Ballistic Gun 14 | 2 2 1 1 1 . 1 1 . . . . 2 . 2 . . . . . . . . . . . . . . 1 . . . Ballistic Cannon 1 | . . . . . . . . . . . . . . . . 1 . . . . . . . . . . . . . . . . Launcher 8 | . 1 2 1 . . . 1 . . . 1 1 . . . . . . . . . . 1 . . . . . . . . . Special Weapon . | . . . . . . . . . . . . . . . . . . . . . . . . . . . . . . . . . Impact Weapon 1 | . . . . . . 1 . . . . . . . . . . . . . . . . . . . . . . . . . . Slashing Weapon 2 | . . . . . . 1 . . . . 1 . . . . . . . . . . . . . . . . . . . . . Piercing Weapon . | . . . . . . . . . . . . . . . . . . . . . . . . . . . . . . . . . Special Melee Weapon . | . . . . . . . . . . . . . . . . . . . . . . . . . . . . . . . . . Unidentified Prototypes 19 | . . . 3 . . . 1 . . . 1 . . 1 . 1 . . . . 5 . . . . 1 1 . . . 5 . Corrupted Parts 2 | . . . . . . . . . . . . . . 1 . . . . . . . . . . . . 1 . . . . . System Corruption 15 | . . . . . . . . . . . . . . 5 . . . . . . . . . . . . 10 . . . . . Parts Lost 36 | . 4 1 8 1 . . . . 1 . 1 1 2 . . 5 . 1 . . . . 1 . . . . . . . 4 6 Power 5 | . 1 . . . . . . . . . . . 1 . . 2 . . . . . . . . . . . . . . 1 . Propulsion 13 | . 2 . 6 . . . . . 1 . . . . . . 1 . . . . . . . . . . . . . . . 3 Utility 14 | . 1 1 1 . . . . . . . 1 1 1 . . 1 . 1 . . . . . . . . . . . . 3 3 Weapon 4 | . . . 1 1 . . . . . . . . . . . 1 . . . . . . 1 . . . . . . . . . Highest Loss Streak 3 | . 2 1 2 1 . . . . 1 . 1 1 2 . . 1 . 1 . . . . 1 . . . . . . . 2 3 To Critical Strikes . | . . . . . . . . . . . . . . . . . . . . . . . . . . . . . . . . . Average Backups 16 | 2 7 8 10 13 13 13 12 12 12 12 14 14 14 14 15 17 20 19 20 20 20 20 18 18 18 21 22 21 21 20 21 6 Power 1 | 1 1 2 2 2 2 1 1 1 1 1 1 . . . . . 1 1 1 1 . . . 1 1 1 2 1 1 1 . . Propulsion 1 | . 1 2 3 5 4 2 1 1 1 . 1 1 1 1 2 . 1 1 1 1 . . 1 2 2 . 1 1 . . 1 . Utility 10 | . . . 1 2 4 4 6 7 7 7 8 9 9 9 9 12 16 15 16 16 16 17 14 13 13 16 16 16 13 13 14 4 Weapon 3 | . 3 3 3 4 3 5 3 3 3 3 3 4 4 4 4 3 2 2 2 2 2 2 1 2 2 2 3 3 3 3 2 1 Tool/Special . | . . . . . . . . . . . . . . . . . . . . . . . . . . . . . . . . . Unused Backups 71 | . 3 1 4 2 . 3 1 . . 1 7 1 1 4 . 5 . 3 . . . . 9 . . 2 . 5 3 1 2 13 Power 4 | . . . . . . . . . . . 1 1 . . . . . . . . . . 2 . . . . . . . . . Propulsion 13 | . 3 . . 1 . . . . . 1 1 . . 1 . 3 . . . . . . 2 . . . . . . . . 1 Utility 35 | . . . . 1 . 2 1 . . . 2 . . 3 . 1 . 3 . . . . 4 . . 2 . 4 3 1 1 7 Weapon 17 | . . 1 4 . . 1 . . . . 3 . 1 . . 1 . . . . . . 1 . . . . 1 . . 1 3 Tool/Special 2 | . . . . . . . . . . . . . . . . . . . . . . . . . . . . . . . . 2 Average Slot Usage (%) 95 | . 97 99 93 100 99 99 100 100 98 99 99 92 89 90 93 96 100 99 100 100 99 100 98 100 100 100 100 99 98 82 75 28 Engine 2 | . 13 13 11 11 9 . . . . . . . . 6 6 4 5 5 5 5 1 . . . . . . . . . . . Core 1 | . . . . . . 6 7 7 7 7 6 6 4 . . . . . . . . . . . . . . . . . . . Reactor 2 | . . . . . . . . . . . . . . . . . . . . . 3 5 5 5 5 5 5 9 9 8 3 . Treads 1 | . . . . . . . . . . . . . . . . . . . . . . . . . . . . . 1 13 13 6 Leg 3 | . . . . . . . . . . . . . . . . . . . . . . . . . . 19 31 28 25 . . . Wheel 3 | . 27 28 17 22 35 2 . . . . . . . . . . . . . . . . . . . . . . . . . . Hover 19 | . . . . . . 34 38 38 36 37 32 26 26 26 26 33 35 35 35 35 35 35 30 31 31 11 . . . . . . Device 13 | . 11 13 11 4 . 6 6 7 7 7 5 5 4 1 . 3 4 4 4 5 4 5 17 26 26 26 26 27 33 30 27 8 Storage 6 | . 14 14 11 11 9 7 7 7 7 7 6 6 6 6 6 5 5 5 5 5 5 5 5 5 5 5 5 4 4 4 6 1 Processor 8 | . . . 13 11 9 7 7 7 7 14 13 13 13 13 13 6 5 5 5 5 5 5 7 10 10 10 10 9 9 8 8 7 Hackware 11 | . . . . . . 6 7 7 7 7 18 20 20 22 26 27 29 28 29 29 29 29 16 5 5 5 5 6 1 . . . Protection 3 | . . . 6 17 18 7 7 7 7 . 1 . . . . . . . . . . . 4 5 5 5 5 2 2 4 3 . Energy Cannon 2 | . . . 4 . . . . . . . 5 1 3 3 6 4 5 4 3 5 5 5 2 5 5 . 2 3 3 4 3 . Ballistic Gun 3 | . 27 16 9 11 17 8 8 7 7 6 . 4 1 3 . 2 . . . . . . . . . . . . . . . . Launcher 1 | . . 11 . . . . . . . . . 2 . . . . . . 1 . . 3 . . 5 7 7 4 3 4 2 . Slashing Weapon 2 | . . . . . . 3 5 7 7 7 5 3 5 5 6 3 5 5 5 5 5 1 4 4 . 2 . . . . . . Peak Build Rating 228 | 7 7 11 24 26 27 50 56 53 53 52 74 75 74 80 77 104 104 106 106 105 109 109 140 138 139 152 155 176 183 212 228 212 Average Rating 99 | 5 6 8 15 23 24 45 50 52 52 50 69 73 70 75 77 97 103 104 105 105 106 108 127 136 138 145 150 172 177 207 214 79 On Entrance 88 | . 7 7 8 20 22 24 50 53 53 49 52 73 73 67 77 77 99 104 105 105 105 107 109 138 138 137 148 155 175 178 212 205 Naked Turns . | . . . . . . . . . . . . . . . . . . . . . . . . . . . . . . . . . Heaviest Build 200 | 14 16 16 39 44 46 37 46 40 40 40 52 40 42 44 41 68 68 69 68 68 68 68 78 72 72 119 117 135 168 173 200 185 Greatest Support 240 | 26 26 20 26 22 40 51 51 51 51 49 52 48 48 48 48 75 77 77 77 77 80 80 90 80 80 145 155 165 180 240 240 240 Greatest Overweight (x) 44 | . 1 . 3 2 1 . . . . . 1 . . . . 1 . . . . . . 1 . . 1 . . 44 . . . Average Overweight (x) . | . . . 1 1 1 . . . . . . . . . . . . . . . . . . . . . . . . . . . Largest Inventory Capacity 25 | 8 8 8 15 15 15 15 15 15 15 15 15 15 15 15 15 20 20 20 20 20 20 20 20 20 20 25 25 25 25 25 25 25 Average Capacity 18 | 7 8 8 10 15 15 15 15 15 15 15 15 15 15 15 15 19 20 20 20 20 20 20 20 20 20 23 25 25 25 25 25 8 Most Carried 25 | 5 8 8 15 15 15 15 15 15 15 15 15 15 15 15 15 20 20 20 20 20 20 20 20 20 20 25 25 25 25 25 25 25 Average Carried 17 | 2 7 7 10 14 14 14 14 15 14 14 14 14 14 14 14 17 20 19 20 20 19 20 19 19 19 23 24 24 24 24 24 8 Final Capacity 25 | 8 8 8 15 15 15 15 15 15 15 15 15 15 15 15 15 20 20 20 20 20 20 20 20 20 20 25 25 25 25 25 25 5 Final Carried 25 | 5 8 8 15 15 15 15 15 15 14 15 15 15 14 15 15 20 20 20 20 20 20 20 20 19 20 25 25 25 25 25 25 4 Class Distribution -------------------- 20% | Wizard-Mutant 18% | Mutant 16% | Machinist-Skirmisher 7% | Scavenger-Mutant 6% | Hacker-Scout 5% | Machinist-Ninja 4% | Hacker-Mutant 3% | Scavenger-Scout 3% | Commander-Scout 3% | Commander-Mutant 3% | Machinist-Mutant Dominant Class ---------------- Scavenger-Mutant | -10/Materials Mutant | -10/Mines Scavenger-Mutant | -9/Materials Mutant | -9/Mines Scavenger-Mutant | -8/Materials Mutant | -7/Factory Mutant | -7/Lower Caves Mutant | -7/Lower Caves Mutant | -7/Data Miner Scavenger-Scout | -6/Proximity Caves Hacker-Scout | -6/Factory Commander-Scout | -6/Extension Commander-Scout | -6/Cetus Commander-Mutant | -6/Archives Commander-Mutant | -6/Hub_04(d) Wizard-Mutant | -5/Factory Wizard-Mutant | -5/Waste Wizard-Mutant | -5/Factory Wizard-Mutant | -5/Upper Caves Wizard-Mutant | -5/Upper Caves Wizard-Mutant | -5/Zhirov Wizard-Mutant | -4/Proximity Caves Wizard-Mutant | -4/Factory Machinist-Ninja | -4/Upper Caves Machinist-Scout | -4/Upper Caves Machinist-Assassin | -4/Warlord Machinist-Skirmisher | -3/Proximity Caves Machinist-Skirmisher | -3/Research Machinist-Skirmisher | -3/Quarantine Machinist-Skirmisher | -2/Research Machinist-Skirmisher | -2/Testing Alien-Mutant | -2/Section 7 Resources | -11 -10 -10 -9 -9 -8 -7 -7 -7 -7 -6 -6 -6 -6 -6 -6 -5 -5 -5 -5 -5 -5 -4 -4 -4 -4 -4 -3 -3 -3 -2 -2 -2 ----------- Run | Yrd Mat Min Mat Min Mat Fac Low Low Dat Pro Fac Ext Cet Arc Hub Fac Was Fac Upp Upp Zhi Pro Fac Upp Upp War Pro Res Qua Res Tes Sec Matter Collected 8568 | 344 458 272 565 93 120 154 217 10 . 72 426 911 175 133 10 552 40 145 562 . 120 61 565 198 202 706 261 331 565 90 178 32 Remotely 86 | 86 . . . . . . . . . . . . . . . . . . . . . . . . . . . . . . . . Salvage Created 10517 | 156 657 112 1424 223 198 52 277 113 . 55 468 530 118 399 . 781 71 103 93 . 478 . 676 195 57 965 61 301 1005 . 949 . Parts 519 | 11 46 9 92 15 9 8 14 1 . 6 16 38 3 26 . 37 4 9 3 . 5 1 20 4 5 31 9 11 39 . 47 . Haulers Intercepted 7 | . 2 . 3 . 1 . 1 . . . . . . . . . . . . . . . . . . . . . . . . . Recyclers Shooed 10 | . . 1 1 . . . . . . . 2 . . . . 3 . . . . . . 2 . . . . . 1 . . . Parts Field Recycled . | . . . . . . . . . . . . . . . . . . . . . . . . . . . . . . . . . Retrieved Matter . | . . . . . . . . . . . . . . . . . . . . . . . . . . . . . . . . . Parts Self-Destructed 44 | . . . . . . . 20 . . 2 . . . . . . . . 2 . 2 1 . 4 9 . 4 . . . . . Prevented . | . . . . . . . . . . . . . . . . . . . . . . . . . . . . . . . . . Kills | -11 -10 -10 -9 -9 -8 -7 -7 -7 -7 -6 -6 -6 -6 -6 -6 -5 -5 -5 -5 -5 -5 -4 -4 -4 -4 -4 -3 -3 -3 -2 -2 -2 ------- Run | Yrd Mat Min Mat Min Mat Fac Low Low Dat Pro Fac Ext Cet Arc Hub Fac Was Fac Upp Upp Zhi Pro Fac Upp Upp War Pro Res Qua Res Tes Sec Combat Hostiles Destroyed 171 | . 14 7 23 5 3 . 5 . . 2 5 11 2 1 . 14 . 2 11 . . 2 3 4 5 19 4 3 15 . 11 . Melee 1 | . . . . . . . . . . . . . . . . . . . . . . . 1 . . . . . . . . . Guns 34 | . 11 2 6 5 3 . . . . . . 2 1 1 . 3 . . . . . . . . . . . . . . . . Cannons 30 | . . . 10 . . . . . . . 2 1 . . . 1 . . 1 . . . . . . . 1 1 5 . 8 . AOE 98 | . 3 5 6 . . . 5 . . 2 3 8 1 . . 10 . 2 10 . . 2 1 4 5 18 3 2 5 . 3 . Classes Destroyed 26 | 3 5 1 2 1 . . 1 1 . 1 1 1 . . . 2 1 . . . . . . . . 4 . 1 . . 1 . Worker 13 | 1 3 . 2 1 . . . . . . . 1 . . . 4 . . . . . . . . . . . . . . 1 . Builder 10 | . . . 1 . . . . . . . . 1 . . . 2 . . . . . . 2 . . . . . 2 . 2 . Tunneler 7 | 3 2 1 . . . . . . . . . . . . . . . . . . . . 1 . . . . . . . . . Hauler 7 | . 2 . 3 . 1 . 1 . . . . . . . . . . . . . . . . . . . . . . . . . Recycler 14 | 1 . . 2 . . . . . . . 2 . . . . 2 . . . . . . 3 . . . . . 1 . 3 . Minesweeper 1 | . . . . . . . 1 . . . . . . . . . . . . . . . . . . . . . . . . . Mechanic 1 | . . . . . . . . . . . . . . . . . . . . . . . . . . . . . . . 1 . Operator 17 | . 2 . 1 . . 2 . . . . 2 . . 9 . . . . . . . . 1 . . . . . . . . . Drone 6 | . . . . . . . . . . 2 . . . . . . . . . . . 2 . . . . 2 . . . . . Watcher 14 | . 3 . 5 . . . . . . . . . . . . 2 . 1 . . . . 1 . . . . . 1 . 1 . Swarmer 38 | . 6 . 6 . . . . . . . 2 3 . . . 5 . . 7 . . . 1 . 4 . . . 4 . . . Cutter 4 | . . . . . . . . . . . . . . . . 4 . . . . . . . . . . . . . . . . Saboteur 3 | . . . . . . . . . . . . . . . . . . . . . . . . . . 3 . . . . . . Grunt 60 | . 8 2 8 4 2 . 5 . . . . 4 . . . 3 . . 1 . . . . 4 . 12 . 2 4 . 1 . Duelist 2 | . . . . 1 . . . . . . 1 . . . . . . . . . . . . . . . . . . . . . Protector 2 | . . . . . . . . . . . . . . . . . . . . . . . . . . 2 . . . . . . Sentry 17 | . . . 9 . 1 . . . . . . 2 . 1 . 1 . . 1 . . . 1 . 1 . . . . . . . Hunter 6 | . . . . . . . . . . . . . . . . 1 . . 2 . . . . . . . . 1 2 . . . Programmer 22 | . . . . . . . . . . . 2 . . . . . . 2 . . . . 1 . . . 2 . 5 . 10 . Behemoth 3 | . . . . . . . . . . . . 2 . . . . . . . . . . . . . 1 . . . . . . Cetus Guard 2 | . . . . . . . . . . . . . 2 . . . . . . . . . . . . . . . . . . . Executioner 1 | . . . . . . . . . . . . . . . . . . . . . . . . . . 1 . . . . . . Decomposer 1 | . . . . . . . . . . . . . . . . . . . 1 . . . . . . . . . . . . . Samaritan 2 | . . . . . . . . 2 . . . . . . . . . . . . . . . . . . . . . . . . Assembled 5 | . . 5 . . . . . . . . . . . . . . . . . . . . . . . . . . . . . . Martyr 1 | . . . . . . . . . . . . . . . . . 1 . . . . . . . . . . . . . . . Mutant 1 | . . . . . . . . . . . . . . . . . . . . . . . . . . 1 . . . . . . Revision 1 | . . . . . . . . . . . . . . . . . . . . . . . . . . . . 1 . . . . Best Kill Streak 10 | 3 5 2 5 2 3 1 5 . . 2 3 4 2 8 . 8 . 2 5 . . 1 2 4 4 10 2 2 7 . 8 . Combat Bots Only 10 | . 3 2 3 2 2 . 5 . . 2 3 4 2 1 . 5 . 2 5 . . 1 2 4 4 10 2 2 4 . 4 . Max Kills in Single Turn 4 | 1 3 1 4 2 1 1 2 1 . 2 3 3 1 1 . 4 1 1 3 . . 1 2 2 3 3 1 1 2 . 3 . Gunslinging . | . . . . . . . . . . . . . . . . . . . . . . . . . . . . . . . . . Exploded 4 | . 1 1 3 . . . 2 . . 2 3 3 1 . . 4 . 1 3 . . 1 1 2 3 3 1 1 1 . 1 . Melee 1 | . . . . . . . . . . . . . . . . . . . . . . . 1 . . . . . . . . . Uniques/NPCs Destroyed . | . . . . . . . . . . . . . . . . . . . . . . . . . . . . . . . . . Combat | -11 -10 -10 -9 -9 -8 -7 -7 -7 -7 -6 -6 -6 -6 -6 -6 -5 -5 -5 -5 -5 -5 -4 -4 -4 -4 -4 -3 -3 -3 -2 -2 -2 -------- Run | Yrd Mat Min Mat Min Mat Fac Low Low Dat Pro Fac Ext Cet Arc Hub Fac Was Fac Upp Upp Zhi Pro Fac Upp Upp War Pro Res Qua Res Tes Sec Hostile Shots Fired 913 | . 48 20 92 13 18 9 7 15 6 . 36 69 28 . 9 75 . 6 13 3 . . 66 . . 28 10 10 49 . 80 203 Missed 377 | . 13 6 27 5 7 3 3 9 2 . 15 41 12 . 4 31 . 3 6 2 . . 31 . . 11 4 5 21 . 31 85 Hits 536 | . 35 14 65 8 11 6 4 6 4 . 21 28 16 . 5 44 . 3 7 1 . . 35 . . 17 6 5 28 . 49 118 Melee 15 | . . . . . . . . . . . . . . . . 2 . . . . . . . . . . . . . . . 13 Projectile 521 | . 35 14 65 8 11 6 4 6 4 . 21 28 16 . 5 42 . 3 7 1 . . 35 . . 17 6 5 28 . 49 105 AOE 5 | . . . . . . . . . . . . . . . . 3 . . . . . . . . . 1 . . . . . 1 Critical Strikes 35 | . . . 1 . . . . . . . . 1 4 . . 5 . 1 . . . . 3 . . . . 1 1 . 3 15 Actively Blocked 21 | . . . . . . . . . . . . . . . . . . . . . . . 1 . . . . 1 1 . 3 15 Part Disruptions 1 | . . . . . . . . . . . . . . . . . . . . . . . . . . . . . 1 . . . Actively Blocked 1 | . . . . . . . . . . . . . . . . . . . . . . . . . . . . . 1 . . . Damage Taken 11745 | . 541 171 851 109 181 44 63 41 198 . 387 300 433 . 154 1413 . 59 117 20 . . 698 . . 390 80 202 589 . 1406 3298 Core 2623 | . 45 33 149 10 32 . 13 . . . 132 49 105 . 12 298 . . 39 . . . 103 . . 144 11 30 82 . 180 1156 Absorbed by Shields 225 | . . . . . . . . . . . . 77 14 . . . . . . . . . . . . 21 . . . . 60 53 Redirected to Core 168 | . . . . . . . . . . . . . . . . . . . . . . . . . . . . . . . 168 . Redirected to Shielding 440 | . . . . . . . . . . . . . . . . . . . . . . . 79 . . 31 . 22 106 . 202 . Ignored by Resistances 901 | . . . . . . . . . 30 . . . . . . . . . . . . . 195 . . 7 61 43 286 . 279 . Regen/Repaired (Parts) 629 | . . . . . . . . . . . . . . . . 101 160 . . . . . 281 . . . . . 87 . . . Core Remaining (%) 79 | 100 . 68 . 60 94 . . . . 98 . . . . 64 . . . . . . 66 . . . . 71 . 91 . . . Volleys Fired 860 | 11 71 20 91 16 11 1 9 . . 2 58 59 6 8 6 119 2 66 20 30 . 3 34 10 18 32 11 17 54 15 59 1 Largest 2 | 2 2 2 2 2 2 1 1 . . 1 2 2 1 2 1 2 1 1 1 1 . 1 1 1 1 1 1 1 2 1 1 1 Hottest 200 | 40 50 63 101 98 75 25 36 . . 36 113 113 43 120 85 120 90 90 80 90 . 80 120 105 105 80 105 105 105 105 200 200 Shots Fired 1120 | 22 140 34 157 32 21 1 9 . . 2 65 87 7 11 6 142 2 66 20 30 . 3 33 10 19 32 11 17 66 15 59 1 Gun 469 | 22 136 24 104 32 21 1 . . . 1 7 56 1 8 . 44 . . . . . . . . . . . . 12 . . . Cannon 478 | . . . 49 . . . . . . . 57 4 1 3 6 93 2 63 2 30 . . 26 5 12 . 7 11 36 15 55 1 Launcher 173 | . 4 10 4 . . . 9 . . 1 1 27 5 . . 5 . 3 18 . . 3 7 5 7 32 4 6 18 . 4 . Special . | . . . . . . . . . . . . . . . . . . . . . . . . . . . . . . . . . Kinetic 430 | 22 136 24 74 16 20 1 . . . 1 7 56 1 8 . 45 . . 2 . . . 5 . . . . . 12 . . . Thermal 406 | . . . . 1 1 . . . . . 57 4 1 3 6 92 2 63 . 30 . . 21 5 12 . 5 8 24 15 55 1 Explosive 110 | . 4 10 4 . . . 9 . . 1 1 15 . . . 5 . 3 18 . . 3 2 5 7 16 4 . 3 . . . Electromagnetic 157 | . . . 79 15 . . . . . . . 12 5 . . . . . . . . . 5 . . 16 . 6 15 . 4 . Entropic 17 | . . . . . . . . . . . . . . . . . . . . . . . . . . . 2 3 12 . . . Robot Hit Streak 17 | 4 9 9 12 8 17 . . . . . 4 12 3 5 . 9 1 4 1 . . . 5 . . 1 5 6 3 . 5 . Robot Miss Streak 5 | 2 3 2 5 5 1 . 1 . . . 3 2 . 2 . 5 1 1 1 . . . 2 . . 3 . 1 5 . 2 . Penetration Max 1 | . . . . . . . . . . . . 1 . . . 1 . . . . . . . . . . . . 1 . . . Secondary Targets 2 | . . . 1 . . . . . . . . . . . . 1 . . . . . . . . . . . . . . . . Max Gunslinging Chain 1 | . . . 1 . . . . . . . . . . . . 1 . . . . . . . . . . . . . . . . Shots Hit Robots 505 | 12 88 16 117 25 16 3 7 4 . 1 18 47 4 22 . 44 3 5 2 . 13 . 24 . . 1 5 3 15 . 10 . Core Hits 508 | 6 45 17 59 13 8 2 12 2 . 3 7 40 13 9 4 32 1 4 24 . 5 1 20 8 7 89 5 15 38 . 19 . Critical Kills 5 | 1 . . . . . . . . . . . . 1 2 . 1 . . . . . . . . . . . . . . . . Critical Parts Destroyed 4 | . . . 1 . . . . . . . . 1 . . . 2 . . . . . . . . . . . . . . . . Critical Strikes 24 | 1 . . 2 1 . . 2 1 . . . 3 1 2 . 4 . . . . . . 1 . . . 1 . 5 . . . Burn 1 | . . . . 1 . . . . . . . . . . . . . . . . . . . . . . . . . . . . Destroy 10 | 1 . . 1 . . . . . . . . 2 1 2 . 3 . . . . . . . . . . . . . . . . Corrupt 1 | . . . 1 . . . . . . . . . . . . . . . . . . . . . . . . . . . . . Sever 6 | . . . . . . . 2 1 . . . 1 . . . 1 . . . . . . 1 . . . . . . . . . Sunder 6 | . . . . . . . . . . . . . . . . . . . . . . . . . . . 1 . 5 . . . Melee Attacks 280 | . . . . . . 13 10 23 . 4 76 3 2 18 5 34 2 10 . . 13 . 63 . . 4 . . . . . . Impact 2 | . . . . . . 2 . . . . . . . . . . . . . . . . . . . . . . . . . . Slashing 278 | . . . . . . 11 10 23 . 4 76 3 2 18 5 34 2 10 . . 13 . 63 . . 4 . . . . . . Piercing . | . . . . . . . . . . . . . . . . . . . . . . . . . . . . . . . . . Sneak Attacks 39 | . . . . . . 2 2 4 . . 4 . . 9 . 7 2 . . . . . 9 . . . . . . . . . Combat Hostiles . | . . . . . . . . . . . . . . . . . . . . . . . . . . . . . . . . . Follow-up Attacks . | . . . . . . . . . . . . . . . . . . . . . . . . . . . . . . . . . Damage Inflicted 32073 | 143 1161 498 2283 410 248 193 687 247 . 175 1237 2397 694 1401 130 3128 245 240 1387 . 1110 266 1778 474 546 4112 426 1358 2201 . 2885 13 Guns 4864 | 143 869 175 975 386 248 . . . . . 73 880 6 154 . 762 . . . . . . . . . . . . 193 . . . Cannons 3986 | . . . 907 . . . . . . . 162 120 32 31 . 95 69 36 39 . . . 76 . . . 146 138 524 . 1611 . Explosions 17069 | . 292 323 401 24 . . 398 . . 124 346 1314 621 . 82 1546 . 158 1348 . . 266 436 474 546 4112 280 1220 1484 . 1274 . Melee 6080 | . . . . . . 193 289 247 . 51 643 83 35 1216 . 725 176 46 . . 1110 . 1266 . . . . . . . . . Ramming 74 | . . . . . . . . . . . 13 . . . 48 . . . . . . . . . . . . . . . . 13 Kinetic 4260 | 143 869 175 526 157 248 . . . . . 73 880 6 154 . 797 . . 39 . . . . . . . . . 193 . . . Thermal 5313 | . . . 58 45 . . . . . . 302 120 248 31 18 525 69 36 . . . . 76 . . 685 . 372 80 . 2648 . Explosive 10147 | . 292 323 343 . . . 398 . . 124 206 1096 . . . 1081 . 158 1348 . . 266 168 474 546 2097 280 502 445 . . . Electromagnetic 5565 | . . . 1356 208 . . . . . . . 218 405 . 64 . . . . . . . 268 . . 1330 . 484 995 . 237 . Impact . | . . . . . . . . . . . . . . . . . . . . . . . . . . . . . . . . . Slashing 6080 | . . . . . . 193 289 247 . 51 643 83 35 1216 . 725 176 46 . . 1110 . 1266 . . . . . . . . . Piercing . | . . . . . . . . . . . . . . . . . . . . . . . . . . . . . . . . . Entropic 634 | . . . . . . . . . . . . . . . . . . . . . . . . . . . 146 . 488 . . . Highest Corruption 14 | . . . . . 1 . . . . . 2 2 2 5 3 . . . . . . . 2 2 2 2 14 . 2 . 6 6 Average Corruption 2 | . . . . . 1 . . . . . 1 2 2 2 1 . . . . . . . 1 2 2 1 3 . 1 . 4 3 Corruption Purged 6 | . . . . . . . . . . . . . . 6 . . . . . . . . . . . . . . . . . . Corruption Blocked . | . . . . . . . . . . . . . . . . . . . . . . . . . . . . . . . . . Effects 87 | . . . . . . . . . . . 4 23 7 5 . . . . . . . . 10 6 6 3 5 . 7 . 7 4 Message Errors 13 | . . . . . . . . . . . . 2 1 1 . . . . . . . . 2 2 1 . 1 . 3 . . . Matter Fused 27 | . . . . . . . . . . . 2 7 2 2 . . . . . . . . 3 2 1 1 1 . . . 5 1 Heat Flow Errors 13 | . . . . . . . . . . . . 3 2 . . . . . . . . . 3 . . . 2 . 2 . . 1 Energy Discharges 17 | . . . . . . . . . . . 2 5 1 2 . . . . . . . . . 1 . 2 . . 1 . 2 1 Parts Fused 3 | . . . . . . . . . . . . 1 . . . . . . . . . . 1 . . . . . . . . 1 Data Loss (minor) 4 | . . . . . . . . . . . . 2 . . . . . . . . . . . 1 1 . . . . . . . Data Loss (major) 6 | . . . . . . . . . . . . 2 . . . . . . . . . . . . 2 . 1 . 1 . . . Misfires 2 | . . . . . . . . . . . . . 1 . . . . . . . . . . . 1 . . . . . . . Weapon Failures 2 | . . . . . . . . . . . . 1 . . . . . . . . . . 1 . . . . . . . . . Overload Shots . | . . . . . . . . . . . . . . . . . . . . . . . . . . . . . . . . . Overflow Damage 2620 | . 6 18 6 . . 26 . 1 . . 272 7 . 379 . 401 63 . 64 . 99 26 374 . 65 82 2 13 97 . 619 . Projectiles 602 | . . . 6 . . . . . . . 28 . . . . . . . . . . . 23 . . . . . 24 . 521 . Explosions 723 | . 6 18 . . . . . . . . 54 7 . . . 202 . . 64 . . 26 13 . 65 82 2 13 73 . 98 . Melee 1295 | . . . . . . 26 . 1 . . 190 . . 379 . 199 63 . . . 99 . 338 . . . . . . . . . Knockbacks . | . . . . . . . . . . . . . . . . . . . . . . . . . . . . . . . . . Impact . | . . . . . . . . . . . . . . . . . . . . . . . . . . . . . . . . . Kinetic . | . . . . . . . . . . . . . . . . . . . . . . . . . . . . . . . . . Secondary . | . . . . . . . . . . . . . . . . . . . . . . . . . . . . . . . . . Self-Inflicted Damage 981 | . 21 . . . . . . . . . 6 15 . . 114 274 . . . . . . 48 . . 10 . 85 222 . 186 . Shots 54 | . 1 . . . . . . . . . . 1 . . 1 4 . . . . . . 9 . . 1 . 2 23 . 12 . Rammed 3 | . . . . . . . . . . . 1 . . . 1 . . . . . . . . . . . . . . . . 1 Targets Rammed 3 | . . . . . . . . . . . 1 . . . 1 . . . . . . . . . . . . . . . . 1 Kicked . | . . . . . . . . . . . . . . . . . . . . . . . . . . . . . . . . . Crushed . | . . . . . . . . . . . . . . . . . . . . . . . . . . . . . . . . . Highest Temperature 474 | . 19 15 269 58 28 . 5 2 . . 249 256 230 86 124 136 82 266 72 276 . 92 362 158 188 280 303 336 474 234 273 189 Average Temperature 63 | . 7 5 63 15 5 . 3 2 . . 66 65 86 41 57 33 42 56 28 77 . 32 74 59 75 98 79 97 86 40 72 77 Received Heat Transfer 1433 | . 174 90 330 60 81 12 18 6 . . 33 56 63 . 12 189 . . . . . . 84 . . 12 . 30 12 . 51 120 Effects 11 | . . . 1 . . . . . . . . . . . . . . . . . . . 2 . . . . 3 2 . 3 . Shutdowns 3 | . . . . . . . . . . . . . . . . . . . . . . . . . . . . 1 2 . . . Energy Bleed 2 | . . . 1 . . . . . . . . . . . . . . . . . . . 1 . . . . . . . . . Interference 6 | . . . . . . . . . . . . . . . . . . . . . . . 1 . . . . 2 . . 3 . Siege Activations . | . . . . . . . . . . . . . . . . . . . . . . . . . . . . . . . . . Martial Activations . | . . . . . . . . . . . . . . . . . . . . . . . . . . . . . . . . . Shielding Activations . | . . . . . . . . . . . . . . . . . . . . . . . . . . . . . . . . . Robots Disrupted . | . . . . . . . . . . . . . . . . . . . . . . . . . . . . . . . . . Combat Hostiles . | . . . . . . . . . . . . . . . . . . . . . . . . . . . . . . . . . Robots Corrupted 8 | . . . 1 . . . . . . . . . . . . . . . . . . . 1 . . 1 . . 5 . . . Combat Hostiles 8 | . . . 1 . . . . . . . . . . . . . . . . . . . 1 . . 1 . . 5 . . . Parts Fried 21 | . . . 5 . . . . . . . . . . . . . . . . . . . 2 . . 4 . . 10 . . . Impact Corruptions . | . . . . . . . . . . . . . . . . . . . . . . . . . . . . . . . . . Robots Melted . | . . . . . . . . . . . . . . . . . . . . . . . . . . . . . . . . . Combat Hostiles . | . . . . . . . . . . . . . . . . . . . . . . . . . . . . . . . . . Parts Melted 6 | . . . . . . . . . . . 2 . 1 . . . . . . . . . . . . . . 1 . . 2 . Heat Transferred 4156 | . . . 100 161 . . . . . . 248 130 218 37 100 474 74 37 . . . . 100 . . 500 . 270 87 . 1620 . Parts Sabotaged . | . . . . . . . . . . . . . . . . . . . . . . . . . . . . . . . . . Parts Stolen . | . . . . . . . . . . . . . . . . . . . . . . . . . . . . . . . . . Parts Stripped . | . . . . . . . . . . . . . . . . . . . . . . . . . . . . . . . . . Power Chain Reactions 17 | . . . 2 1 . . . . . . . 1 1 . 1 . . . . . . . . . . 6 . 2 1 . 2 . Alert | -11 -10 -10 -9 -9 -8 -7 -7 -7 -7 -6 -6 -6 -6 -6 -6 -5 -5 -5 -5 -5 -5 -4 -4 -4 -4 -4 -3 -3 -3 -2 -2 -2 ------- Run | Yrd Mat Min Mat Min Mat Fac Low Low Dat Pro Fac Ext Cet Arc Hub Fac Was Fac Upp Upp Zhi Pro Fac Upp Upp War Pro Res Qua Res Tes Sec Maximum Alert Level 2 | . . . 1 . . . . . . . . 2 1 1 1 2 . . . . . . . . . . . . 1 . 2 1 Low Security (%) 82 | 100 100 100 72 100 100 100 . . . . 100 77 . 21 89 77 100 100 . . . . 100 . . . . 100 36 100 60 50 Level 1 15 | . . . 27 . . . . . . . . 15 100 78 10 19 . . . . . . . . . . . . 63 . 22 49 Level 2 2 | . . . . . . . . . . . . 7 . . . 2 . . . . . . . . . . . . . . 17 . Level 3 . | . . . . . . . . . . . . . . . . . . . . . . . . . . . . . . . . . Level 4 . | . . . . . . . . . . . . . . . . . . . . . . . . . . . . . . . . . Level 5 . | . . . . . . . . . . . . . . . . . . . . . . . . . . . . . . . . . High Security . | . . . . . . . . . . . . . . . . . . . . . . . . . . . . . . . . . Max Security . | . . . . . . . . . . . . . . . . . . . . . . . . . . . . . . . . . Peak Influence 560 | 10 162 66 277 48 59 25 . . . . 143 560 397 260 363 493 69 76 . . . . 137 . . . . 150 355 183 499 270 Initial 304 | . . 36 . 24 6 21 . . . . . 65 304 116 63 148 53 . . . . . . . . . . 150 . 183 . 254 Average 92 | 2 78 11 133 7 33 5 . . . . 55 129 320 220 91 155 26 18 . . . . 24 . . . . 40 175 40 162 190 Influence Increases 10060 | 25 460 122 819 153 163 104 260 15 . 15 529 1124 309 266 560 1092 90 283 255 15 15 10 656 90 110 423 70 341 716 39 865 66 Destroy 0b10 Robot/C 3780 | . 280 40 460 120 60 . 100 . . . 100 500 140 80 100 280 . 40 220 . . . 60 80 100 400 40 60 300 . 220 . Destroy 0b10 Robot/NC 560 | 25 60 5 70 5 5 5 10 . . 15 20 30 10 45 55 50 . 5 . . 15 10 40 . . 10 10 . 20 . 40 . Destroy Leader 596 | . 70 10 156 20 12 . . . . . 20 56 . . 10 54 . 12 20 . . . 22 10 10 . 20 . 52 . 42 . Allied During Kill 746 | . . . . 4 2 . . . . . . 368 138 107 114 . . . . . . . . . . 13 . . . . . . Successful Hack 507 | . 14 . . . 23 44 . . . . 70 14 10 . 33 18 . 47 . . . . 61 . . . . 25 62 . 86 . Disable Machine 735 | . 15 . 15 . 15 15 . . . . 75 30 . 30 135 60 . . . . . . 45 . . . . 60 105 . 120 15 Destroy Structure 1741 | . 21 67 28 4 1 10 . . . . 124 81 11 4 113 360 90 134 . . . . 128 . . . . 46 132 39 327 21 Advance Influence 150 | . . . . . . . . . . . . . . . . . . . . . . . . . . . . 150 . . . . Partial Spotted 255 | . . . 15 . . 15 . . . . 30 15 . . . 45 . 30 . . . . 45 . . . . . 15 . 15 30 Lose Combat Pursuer 990 | . . . 75 . 45 15 150 15 . . 90 30 . . . 225 . 15 15 15 . . 255 . . . . . 30 . 15 . Influence Decreases 9960 | 25 367 215 757 198 131 153 165 110 . 15 396 713 562 375 439 1242 243 281 172 100 15 10 537 143 176 150 343 341 390 365 413 418 Entered New Map 1701 | . . 57 . 38 11 28 . 19 . . . 68 240 175 119 155 100 . 2 17 . . . 45 13 . 273 . . 143 . 198 Time Decay 6538 | 25 327 148 527 130 100 125 165 91 . 15 386 495 222 180 90 577 83 281 170 83 15 10 380 98 163 96 70 341 390 222 373 160 Lost Part 330 | . 40 10 80 10 . . . . . . 10 10 20 . . 50 . . . . . . . . . . . . . . 40 60 Lost Ally 458 | . . . . 20 20 . . . . . . 94 80 20 80 10 60 . . . . . 20 . . 54 . . . . . . Purge Threat 933 | . . . 150 . . . . . . . . 46 . . 150 450 . . . . . . 137 . . . . . . . . . Squads Dispatched 76 | . 3 . 3 1 . 4 . . . . 11 1 . . 2 16 . 5 . . . . 6 . . . . 9 4 . 7 4 Investigation 24 | . 1 . 2 1 . 3 . . . . 5 . . . 1 4 . 2 . . . . 1 . . . . 3 . . . 1 Extermination 24 | . . . . . . 1 . . . . 4 . . . . 5 . 2 . . . . 5 . . . . . 2 . 4 1 Reinforcement 28 | . 2 . 1 . . . . . . . 2 1 . . 1 7 . 1 . . . . . . . . . 6 2 . 3 2 Assault . | . . . . . . . . . . . . . . . . . . . . . . . . . . . . . . . . . Garrison . | . . . . . . . . . . . . . . . . . . . . . . . . . . . . . . . . . Intercept . | . . . . . . . . . . . . . . . . . . . . . . . . . . . . . . . . . Searches Triggered . | . . . . . . . . . . . . . . . . . . . . . . . . . . . . . . . . . Construction Impeded 5 | . . . . . . . . . . . . 1 . . . 3 . . . . . . . . . . . . . . 1 . Haulers Reinforced 2 | . . . . . . . . . . . . . . . 1 . . . . . . . . . . . . 1 . . . . Active Scanning Responses . | . . . . . . . . . . . . . . . . . . . . . . . . . . . . . . . . . Cargo Convoy Interrupts . | . . . . . . . . . . . . . . . . . . . . . . . . . . . . . . . . . Stealth | -11 -10 -10 -9 -9 -8 -7 -7 -7 -7 -6 -6 -6 -6 -6 -6 -5 -5 -5 -5 -5 -5 -4 -4 -4 -4 -4 -3 -3 -3 -2 -2 -2 --------- Run | Yrd Mat Min Mat Min Mat Fac Low Low Dat Pro Fac Ext Cet Arc Hub Fac Was Fac Upp Upp Zhi Pro Fac Upp Upp War Pro Res Qua Res Tes Sec Distress Signals 30 | . 1 1 1 . 1 . . . . . . 2 2 . 1 5 . 1 . . . . 3 . . 1 . 4 . 3 1 3 Communications Jammed . | . . . . . . . . . . . . . . . . . . . . . . . . . . . . . . . . . Distress Signals . | . . . . . . . . . . . . . . . . . . . . . . . . . . . . . . . . . Times Spotted 422 | . 26 5 35 9 9 3 15 1 4 1 19 25 10 12 6 42 4 7 8 1 . . 26 . 1 56 2 10 19 . 20 46 Peak Tracking Total 16 | . 6 2 4 2 7 2 6 1 4 2 5 3 5 1 2 9 4 2 5 1 . 1 8 3 1 16 2 5 4 . 6 8 Tactical Retreats 42 | . . 1 2 . 2 1 3 1 . . 4 1 . . . 11 . 1 1 1 . . 10 . . . . . 2 . 1 . Traps | -11 -10 -10 -9 -9 -8 -7 -7 -7 -7 -6 -6 -6 -6 -6 -6 -5 -5 -5 -5 -5 -5 -4 -4 -4 -4 -4 -3 -3 -3 -2 -2 -2 ------- Run | Yrd Mat Min Mat Min Mat Fac Low Low Dat Pro Fac Ext Cet Arc Hub Fac Was Fac Upp Upp Zhi Pro Fac Upp Upp War Pro Res Qua Res Tes Sec Traps Triggered 15 | . 2 . 3 . 1 . . . . . 3 . . . . 3 . . . . . . . . . . . 1 1 . . 1 Indirectly . | . . . . . . . . . . . . . . . . . . . . . . . . . . . . . . . . . Trap Hack Attempts . | . . . . . . . . . . . . . . . . . . . . . . . . . . . . . . . . . Triggered . | . . . . . . . . . . . . . . . . . . . . . . . . . . . . . . . . . Disarmed . | . . . . . . . . . . . . . . . . . . . . . . . . . . . . . . . . . Reprogrammed . | . . . . . . . . . . . . . . . . . . . . . . . . . . . . . . . . . Reused 1 | . . . . . . . . . 1 . . . . . . . . . . . . . . . . . . . . . . . Traps Extracted . | . . . . . . . . . . . . . . . . . . . . . . . . . . . . . . . . . Installed 1 | . . . . . . . . . 1 . . . . . . . . . . . . . . . . . . . . . . . Triggered . | . . . . . . . . . . . . . . . . . . . . . . . . . . . . . . . . . Most Traps Carried 3 | . . . . . . . 3 3 3 2 2 . . . . . . . . . . . . . 1 . . . . . . . Machines | -11 -10 -10 -9 -9 -8 -7 -7 -7 -7 -6 -6 -6 -6 -6 -6 -5 -5 -5 -5 -5 -5 -4 -4 -4 -4 -4 -3 -3 -3 -2 -2 -2 ---------- Run | Yrd Mat Min Mat Min Mat Fac Low Low Dat Pro Fac Ext Cet Arc Hub Fac Was Fac Upp Upp Zhi Pro Fac Upp Upp War Pro Res Qua Res Tes Sec Machines Disabled 59 | . 2 . 1 . 1 1 . . . . 5 6 . 2 9 4 . . . . . . 3 . . . 1 4 7 . 12 1 Max in Single Turn 4 | . 1 . 1 . 1 1 . . . . 2 2 . 1 4 3 . . . . . . 1 . . . 1 2 1 . 1 1 Garrison Access 12 | . . . . . . . . . . . 3 . . . . 3 . 1 . . . . 1 . . . . 1 . 2 1 . Network Hub 2 | . . . . . . . . . . . . . . . 2 . . . . . . . . . . . . . . . . . Machines Repaired . | . . . . . . . . . . . . . . . . . . . . . . . . . . . . . . . . . Machines Dismantled . | . . . . . . . . . . . . . . . . . . . . . . . . . . . . . . . . . Machines Sabotaged . | . . . . . . . . . . . . . . . . . . . . . . . . . . . . . . . . . Overloaded Fab Kills . | . . . . . . . . . . . . . . . . . . . . . . . . . . . . . . . . . Hacking | -11 -10 -10 -9 -9 -8 -7 -7 -7 -7 -6 -6 -6 -6 -6 -6 -5 -5 -5 -5 -5 -5 -4 -4 -4 -4 -4 -3 -3 -3 -2 -2 -2 --------- Run | Yrd Mat Min Mat Min Mat Fac Low Low Dat Pro Fac Ext Cet Arc Hub Fac Was Fac Upp Upp Zhi Pro Fac Upp Upp War Pro Res Qua Res Tes Sec Machines Accessed 190 | . 6 . 12 1 2 12 1 . 4 . 22 11 3 . 4 27 . 20 1 . 5 . 26 . . 7 . 8 8 2 6 2 Terminals 104 | . 5 . 9 . 2 7 . . . . 9 10 3 . 4 12 . 13 . . . . 15 . . . . 4 4 1 4 2 Fabricators 17 | . . . . . . 4 . . . . 4 . . . . 4 . 2 . . . . 2 . . . . 1 . . . . Repair Stations 7 | . . . . . . . . . . . 1 . . . . 2 . . . . . . 2 . . . . . 1 . 1 . Recycling Units 23 | . 1 . 2 . . . . . . . 4 1 . . . 5 . 4 . . . . 4 . . . . 2 . . . . Scanalyzers 9 | . . . 1 . . 1 . . . . 1 . . . . 1 . . . . . . 1 . . . . . 3 1 . . Garrison Access 11 | . . . . . . . . . . . 3 . . . . 3 . 1 . . . . 2 . . . . 1 . . 1 . Total Hacks 641 | . 12 . 40 1 8 37 1 . 28 . 50 33 7 . 15 89 . 66 1 . 18 . 133 . . 22 . 20 40 7 9 4 Successful 475 | . 2 . 19 1 4 20 1 . 28 . 31 25 3 . 13 79 . 62 1 . 18 . 115 . . 22 . 6 16 2 5 2 Failed 161 | . 10 . 20 . 4 16 . . . . 19 8 4 . 2 9 . 3 . . . . 17 . . . . 14 24 5 4 2 Catastrophic 28 | . 2 . 2 . . . . . . . 2 1 1 . 1 . . 1 . . . . 3 . . . . 7 5 1 2 . Database Lockouts 5 | . . . 1 . . 1 . . . . . . . . . 1 . 1 . . . . 1 . . . . . . . . . Manual 266 | . 8 . 24 . 6 18 . . . . 22 14 1 . 14 48 . 37 . . . . 62 . . 1 . . 6 . 2 3 Terminals 395 | . 10 . 26 . 8 27 . . . . 24 31 7 . 15 59 . 53 . . . . 91 . . . . 6 26 1 7 4 Fabricators 61 | . . . . . . 9 . . . . 13 . . . . 10 . 7 . . . . 18 . . . . 4 . . . . Repair Stations 19 | . . . . . . . . . . . 1 . . . . 4 . . . . . . 6 . . . . . 7 . 1 . Recycling Units 41 | . 2 . 4 . . . . . . . 5 2 . . . 12 . 4 . . . . 9 . . . . 3 . . . . Scanalyzers 33 | . . . 10 . . 1 . . . . 2 . . . . 1 . . . . . . 6 . . . . . 7 6 . . Garrison Access 21 | . . . . . . . . . . . 5 . . . . 3 . 2 . . . . 3 . . . . 7 . . 1 . Terminal Hacks 246 | . . . 4 1 1 8 1 . 28 . 9 17 3 . 9 34 . 31 1 . 18 . 48 . . 22 . 1 6 . 3 1 Record 30 | . . . . . . . . . 11 . . . 2 . . . . 1 . . 6 . . . . 10 . . . . . . Part Schematic 33 | . . . 1 . . 2 . . 9 . 3 3 . . . 1 . 4 . . 4 . 6 . . . . . . . . . Robot Schematic 5 | . . . . . . . . . 5 . . . . . . . . . . . . . . . . . . . . . . . Robot Analysis 10 | . . . . . . 1 . . . . . 1 . . . . . . . . 4 . 4 . . . . . . . . . Prototype ID Bank 32 | . . . . . . . . . 3 . . 2 . . . 3 . 3 . . 4 . 3 . . 11 . . 2 . 1 . Open Door 11 | . . . . 1 . . 1 . . . . 5 1 . . . . . 1 . . . . . . 1 . . . . . 1 Level Access Points 2 | . . . . . . . . . . . . . . . 1 . . . . . . . . . . . . . 1 . . . Branch Access Points 6 | . . . . . . 1 . . . . 1 . . . . 1 . 1 . . . . 1 . . . . 1 . . . . Machine Index 3 | . . . . . . . . . . . . . . . . . . 1 . . . . 1 . . . . . 1 . . . Terminal Index 5 | . . . 1 . 1 1 . . . . 1 . . . 1 . . . . . . . . . . . . . . . . . Alert Level 9 | . . . 1 . . 1 . . . . . 1 . . . 2 . 1 . . . . 2 . . . . . 1 . . . Unreport Threat 8 | . . . 1 . . . . . . . . 2 . . 1 3 . . . . . . 1 . . . . . . . . . Locate Traps 34 | . . . . . . . . . . . 2 1 . . 1 10 . 6 . . . . 14 . . . . . . . . . Extermination Status 1 | . . . . . . . . . . . . . . . . 1 . . . . . . . . . . . . . . . . Recall Investigation 1 | . . . . . . . . . . . . . . . . . . 1 . . . . . . . . . . . . . . Recall Extermination 9 | . . . . . . . . . . . 1 . . . . 3 . 2 . . . . 3 . . . . . . . . . Recall Reinforcements 1 | . . . . . . . . . . . . . . . . . . 1 . . . . . . . . . . . . . . Registered Components 5 | . . . . . . 1 . . . . . . . . 1 1 . . . . . . 1 . . . . . 1 . . . Registered Prototypes 2 | . . . . . . . . . . . . . . . . 1 . . . . . . 1 . . . . . . . . . Zone Layout 39 | . . . . . . 1 . . . . 1 2 . . 4 8 . 10 . . . . 11 . . . . . . . 2 . Fabricator Hacks 36 | . . . . . . 4 . . . . 6 . . . . 4 . 4 . . . . 16 . . . . 2 . . . . Network Status 1 | . . . . . . 1 . . . . . . . . . . . . . . . . . . . . . . . . . . Load Schematic 22 | . . . . . . 3 . . . . 4 . . . . 3 . 3 . . . . 8 . . . . 1 . . . . Build 13 | . . . . . . . . . . . 2 . . . . 1 . 1 . . . . 8 . . . . 1 . . . . Repair Station Hacks 15 | . . . . . . . . . . . . . . . . 4 . . . . . . 6 . . . . . 4 . 1 . Scan Component 8 | . . . . . . . . . . . . . . . . 2 . . . . . . 3 . . . . . 2 . 1 . Repair 7 | . . . . . . . . . . . . . . . . 2 . . . . . . 3 . . . . . 2 . . . Recycling Unit Hacks 33 | . . . 2 . . . . . . . 5 1 . . . 12 . 4 . . . . 7 . . . . 2 . . . . Recycle Component 1 | . . . . . . . . . . . . . . . . 1 . . . . . . . . . . . . . . . . Process 10 | . . . . . . . . . . . 1 . . . . 5 . . . . . . 4 . . . . . . . . . Retrieve Matter 9 | . . . . . . . . . . . 1 . . . . 5 . . . . . . 3 . . . . . . . . . Retrieve Components 13 | . . . 2 . . . . . . . 3 1 . . . 1 . 4 . . . . . . . . . 2 . . . . Scanalyzer 25 | . . . 10 . . 1 . . . . 1 . . . . 1 . . . . . . 6 . . . . . 4 2 . . Insert Component 17 | . . . 4 . . 1 . . . . 1 . . . . 1 . . . . . . 4 . . . . . 4 2 . . Analyze 8 | . . . 6 . . . . . . . . . . . . . . . . . . . 2 . . . . . . . . . Garrison Access Hacks 10 | . . . . . . . . . . . 3 . . . . 3 . 1 . . . . 1 . . . . 1 . . 1 . Seal Access 10 | . . . . . . . . . . . 3 . . . . 3 . 1 . . . . 1 . . . . 1 . . 1 . Unauthorized Hacks 110 | . 2 . 3 . 3 7 . . . . 7 7 . . 4 21 . 22 . . . . 31 . . . . . 2 . . 1 Terminals 94 | . 2 . 3 . 3 4 . . . . 4 7 . . 4 16 . 19 . . . . 29 . . . . . 2 . . 1 Track 28 | . . . . . . . . . . . . 2 . . 3 6 . 6 . . . . 11 . . . . . . . . . Assimilate 12 | . . . . . . 1 . . . . 1 . . . . 2 . 4 . . . . 4 . . . . . . . . . Botnet 36 | . 1 . 2 . 1 2 . . . . 1 2 . . 1 5 . 8 . . . . 11 . . . . . 2 . . . Disrupt 4 | . . . . . . . . . . . . 2 . . . 1 . . . . . . 1 . . . . . . . . . Operators 13 | . 1 . 1 . 2 1 . . . . 2 1 . . . 2 . 1 . . . . 2 . . . . . . . . . Sabotage 1 | . . . . . . . . . . . . . . . . . . . . . . . . . . . . . . . . 1 Fabricators 16 | . . . . . . 3 . . . . 3 . . . . 5 . 3 . . . . 2 . . . . . . . . . Prioritize 5 | . . . . . . . . . . . 1 . . . . 1 . 1 . . . . 2 . . . . . . . . . Recompile 11 | . . . . . . 3 . . . . 2 . . . . 4 . 2 . . . . . . . . . . . . . . Repair Stations . | . . . . . . . . . . . . . . . . . . . . . . . . . . . . . . . . . Recycling Units . | . . . . . . . . . . . . . . . . . . . . . . . . . . . . . . . . . Scanalyzers . | . . . . . . . . . . . . . . . . . . . . . . . . . . . . . . . . . Garrison Access . | . . . . . . . . . . . . . . . . . . . . . . . . . . . . . . . . . Data Cores Recovered 1 | . . . . . . . . . . . . . . . 1 . . . . . . . . . . . . . . . . . Used . | . . . . . . . . . . . . . . . . . . . . . . . . . . . . . . . . . Hacking Detections 112 | . 6 . 10 . 2 10 . . . . 16 8 4 . 3 14 . 8 . . . . 13 . . . . 6 5 1 5 1 Full Trace Events 6 | . . . 2 . . . . . . . 2 . . . . . . . . . . . 1 . . . . 1 . . . . Feedback Events 1 | . . . . . . . . . . . 1 . . . . . . . . . . . . . . . . . . . . . Hackware Fried 1 | . . . . . . . . . . . 1 . . . . . . . . . . . . . . . . . . . . . Feedback Blocked . | . . . . . . . . . . . . . . . . . . . . . . . . . . . . . . . . . Robot Schematics Acquired 5 | . . . . . . . . . 5 . . . . . . . . . . . . . . . . . . . . . . . Robots Built . | . . . . . . . . . . . . . . . . . . . . . . . . . . . . . . . . . Authchips . | . . . . . . . . . . . . . . . . . . . . . . . . . . . . . . . . . Time . | . . . . . . . . . . . . . . . . . . . . . . . . . . . . . . . . . Total Robot Build Rating . | . . . . . . . . . . . . . . . . . . . . . . . . . . . . . . . . . Part Schematics Acquired 40 | . . . 5 . . 2 . . 9 . 3 3 . . . 1 . 4 . . 4 . 8 . . . . . . . 1 . Parts Built 15 | . . . . . . . . . . . 2 . . . . 2 . 1 . . . . 9 . . . . 1 . . . . Authchips 10 | . . . . . . . . . . . 1 . . . . 1 . 1 . . . . 7 . . . . . . . . . Time 666 | . . . . . . . . . . . 96 . . . . 58 . 76 . . . . 389 . . . . 47 . . . . Total Part Build Rating 87 | . . . . . . . . . . . 7 . . . . 14 . 5 . . . . 56 . . . . 5 . . . . Parts Repaired 7 | . . . . . . . . . . . . . . . . 2 . . . . . . 3 . . . . . 2 . . . Time 304 | . . . . . . . . . . . . . . . . 88 . . . . . . 142 . . . . . 74 . . . Parts Recycled 1 | . . . . . . . . . . . . . . . . 1 . . . . . . . . . . . . . . . . Recycled Matter 349 | . . . . . . . . . . . 32 . . . . 140 . . . . . . 177 . . . . . . . . . Retrieved Matter 349 | . . . . . . . . . . . 32 . . . . 140 . . . . . . 177 . . . . . . . . . Retrieved Components 44 | . . . 20 . . . . . . . 5 10 . . . 1 . 2 . . . . . . . . . 6 . . . . Parts Scanalyzed 6 | . . . 4 . . . . . . . . . . . . . . . . . . . 2 . . . . . . . . . Part Schematics Acquired 6 | . . . 4 . . . . . . . . . . . . . . . . . . . 2 . . . . . . . . . Parts Damaged . | . . . . . . . . . . . . . . . . . . . . . . . . . . . . . . . . . Bothacking | -11 -10 -10 -9 -9 -8 -7 -7 -7 -7 -6 -6 -6 -6 -6 -6 -5 -5 -5 -5 -5 -5 -4 -4 -4 -4 -4 -3 -3 -3 -2 -2 -2 ------------ Run | Yrd Mat Min Mat Min Mat Fac Low Low Dat Pro Fac Ext Cet Arc Hub Fac Was Fac Upp Upp Zhi Pro Fac Upp Upp War Pro Res Qua Res Tes Sec Used RIF Installer . | . . . . . . . . . . . . . . . . . . . . . . . . . . . . . . . . . Robots Hacked . | . . . . . . . . . . . . . . . . . . . . . . . . . . . . . . . . . Non-combat . | . . . . . . . . . . . . . . . . . . . . . . . . . . . . . . . . . Combat . | . . . . . . . . . . . . . . . . . . . . . . . . . . . . . . . . . Robot Hacks Applied . | . . . . . . . . . . . . . . . . . . . . . . . . . . . . . . . . . Relay Couplers Released 8 | . . . . . . . . . . . . . . . . 1 . . . . . . 4 . . . . . . 3 . . Machine Destruction 4 | . . . . . . . . . . . . . . . . 1 . . . . . . . . . . . . . 3 . . Programmers 4 | . . . . . . . . . . . . . . . . . . . . . . . 4 . . . . . . . . . Fabnet Peak Effective % . | . . . . . . . . . . . . . . . . . . . . . . . . . . . . . . . . . Robots Rewired 19 | . . . . . . . . . . . . 13 1 . . . . . . . . . . . . 5 . . . . . . Allies Hacked . | . . . . . . . . . . . . . . . . . . . . . . . . . . . . . . . . . Hacks Repelled . | . . . . . . . . . . . . . . . . . . . . . . . . . . . . . . . . . Allies | -11 -10 -10 -9 -9 -8 -7 -7 -7 -7 -6 -6 -6 -6 -6 -6 -5 -5 -5 -5 -5 -5 -4 -4 -4 -4 -4 -3 -3 -3 -2 -2 -2 -------- Run | Yrd Mat Min Mat Min Mat Fac Low Low Dat Pro Fac Ext Cet Arc Hub Fac Was Fac Upp Upp Zhi Pro Fac Upp Upp War Pro Res Qua Res Tes Sec Total Allies 60 | . . . . 3 . 1 . . . . . 19 6 . . 1 19 3 . . . . 3 . . 5 . . . . . . Largest Group 19 | . . . . 3 1 1 . . . . . 13 14 14 12 1 19 1 . . . . 2 . . 5 . . . . . . Highest-Rated Group 928 | . . . . 40 16 26 . . . . . 527 928 928 753 23 684 26 . . . . 52 . . 274 . . . . . . Highest-Rated Ally 159 | . . . . 16 16 26 . . . . . 159 150 150 96 23 50 26 . . . . 26 . . 64 . . . . . . Total Orders 11 | . . . . . . . . . . . . . 6 2 . . . . . . . . 3 . . . . . . . . . STAY 8 | . . . . . . . . . . . . . 5 1 . . . . . . . . 2 . . . . . . . . . FOLLOW 3 | . . . . . . . . . . . . . 1 1 . . . . . . . . 1 . . . . . . . . . Ally Attacks 339 | . . . . 17 2 . . . . . . 123 58 16 34 . 67 . . . . . . . . 22 . . . . . . Total Damage 13673 | . . . . 175 13 . . . . . . 2695 1266 578 3226 . 4846 . . . . . . . . 874 . . . . . . Kills 66 | . . . . 1 . . . . . . . 20 7 3 20 . 12 . . . . . . . . 3 . . . . . . Allies Corrupted 2 | . . . . . . . . . . . . . . . 2 . . . . . . . . . . . . . . . . . Allies Melted 1 | . . . . . . . . . . . . . . . . . . . . . . . . . . 1 . . . . . . Intel | -11 -10 -10 -9 -9 -8 -7 -7 -7 -7 -6 -6 -6 -6 -6 -6 -5 -5 -5 -5 -5 -5 -4 -4 -4 -4 -4 -3 -3 -3 -2 -2 -2 ------- Run | Yrd Mat Min Mat Min Mat Fac Low Low Dat Pro Fac Ext Cet Arc Hub Fac Was Fac Upp Upp Zhi Pro Fac Upp Upp War Pro Res Qua Res Tes Sec Active Infowar (turns) 24914 | 48 683 580 1675 328 . 613 858 693 56 599 1804 1344 476 365 184 1952 195 1260 564 739 150 240 2022 626 589 1155 407 1079 1142 1024 1402 62 Optics 5296 | . . . . . . . . . . 582 1804 1344 476 365 184 541 . . . . . . . . . . . . . . . . Sensors 19862 | . . . . . . 613 858 693 56 599 1756 958 373 . . 1411 195 1260 564 739 150 240 2005 625 589 1130 407 1050 1123 1024 1397 47 Terrain 7600 | . . . . . . . . . . . . . . . . 16 . . . . . . 768 626 589 937 380 1079 1115 1024 1037 29 Seismic 3314 | 48 683 580 1675 328 . . . . . . . . . . . . . . . . . . . . . . . . . . . . Cloaking 2 | . . . . . . . . . . . . . . . . . . . . . . . . . . . . 2 . . . . Jamming 2813 | . . . . . . . . . . . . . . . . . . . . . . . 848 1 45 . . 1078 841 . . . Robot Analysis Total 10 | . . . . . . 1 . . . . . 1 . . . . . . . . 4 . 4 . . . . . . . . . Derelict Logs Recovered 10 | . . . . 1 . . 1 2 . 3 . . . . . . . . . . . 1 . 1 1 . . . . . . . Drone Launches . | . . . . . . . . . . . . . . . . . . . . . . . . . . . . . . . . . Drone Recoveries . | . . . . . . . . . . . . . . . . . . . . . . . . . . . . . . . . . Exploration | -11 -10 -10 -9 -9 -8 -7 -7 -7 -7 -6 -6 -6 -6 -6 -6 -5 -5 -5 -5 -5 -5 -4 -4 -4 -4 -4 -3 -3 -3 -2 -2 -2 ------------- Run | Yrd Mat Min Mat Min Mat Fac Low Low Dat Pro Fac Ext Cet Arc Hub Fac Was Fac Upp Upp Zhi Pro Fac Upp Upp War Pro Res Qua Res Tes Sec Turns Passed 26658 | 122 842 685 1675 831 204 620 957 697 56 599 1804 1344 476 365 184 2034 217 1311 582 739 162 241 2060 626 589 1155 407 1079 1142 1024 1491 338 Spaces Moved 28537 | 77 655 648 1288 727 153 889 1380 1126 99 757 2232 1048 341 310 175 2763 388 1889 1039 1123 213 431 2485 845 923 931 324 805 722 596 721 434 Core 407 | 3 . . . . . . . . . . . . . . . . . . . . . . . . . . . . 1 . . 403 Treads 1365 | . . . . . . . . . . . . . . . . . . . . . . . . . . . . . 17 596 721 31 Legs 2387 | . . . . . . . . . . . . . . . . . . . . . . . . . . 554 324 805 704 . . . Wheels 3540 | 74 655 648 1283 727 153 . . . . . . . . . . . . . . . . . . . . . . . . . . . Hover 20838 | . . . 5 . . 889 1380 1126 99 757 2232 1048 341 310 175 2763 388 1889 1039 1123 213 431 2485 845 923 377 . . . . . . Flight . | . . . . . . . . . . . . . . . . . . . . . . . . . . . . . . . . . Fastest Speed 35 | 50 80 80 80 100 95 53 53 53 53 53 47 48 48 48 48 35 47 47 47 47 47 53 40 53 53 53 106 103 101 146 146 50 Average Speed 64 | 88 83 80 99 100 95 55 53 53 53 53 50 48 48 48 48 43 47 47 47 47 49 53 53 53 53 91 109 104 107 157 146 56 Slowest Speed 2250 | 100 95 80 147 110 95 64 53 53 59 53 129 48 48 48 48 105 47 47 47 47 53 53 116 53 53 180 110 106 2250 170 146 146 Overloaded Moves 23 | . . . . . . . . . . . . . . . . . . . . . . . 23 . . . . . . . . . Propulsion Burnouts . | . . . . . . . . . . . . . . . . . . . . . . . . . . . . . . . . . Robots Hopped . | . . . . . . . . . . . . . . . . . . . . . . . . . . . . . . . . . Potential Cave-ins 6 | . . . . . . . . . . . 2 . . . 2 2 . . . . . . . . . . . . . . . . Cave-ins Triggered . | . . . . . . . . . . . . . . . . . . . . . . . . . . . . . . . . . Teleports 16 | . . . . . . . . . . . . . . . . . . . . . . . . 1 . . . . . . 1 14 Exploration Rate (%) 70 | 5 97 100 84 94 22 28 97 96 70 92 63 91 86 100 36 80 96 41 93 97 62 57 56 86 96 90 58 23 74 29 73 42 Regions Visited 32 Branch Regions 21 Pre-discovered Areas 6 | . . 1 . . . . . 1 1 . . . . . . . . . . . 3 . . . . . . . . . . . Known Exits Taken 24 | . . . . . . 1 1 1 1 1 1 1 1 1 1 . . 1 1 1 1 1 1 1 1 1 1 1 1 1 1 . Unknown Exits Taken 6 | 1 1 1 1 1 1 . . . . . . . . . . . . . . . . . . . . . . . . . . . Scrap Searched 26 | . . . . 2 . . 4 3 . 2 . . . . . . . . 3 1 . 3 . 2 4 . 2 . . . . . Spaces Dug 383 | . . 8 . . . 9 2 19 . 15 76 . . . 4 70 . 45 . 14 . . 47 3 10 4 2 2 11 9 26 7 Terrain Destroyed 1796 | . 19 93 27 4 . 9 47 19 . 15 146 175 4 2 157 206 . 81 166 30 . 39 68 62 36 81 35 42 80 15 131 7 Melee 162 | . . . . . . 9 2 19 . 3 62 . . . 2 22 . 8 . . . . 31 . . 4 . . . . . . Projectile 369 | . . . . . . . . . . . 53 . . 2 4 105 . 60 1 30 . . 23 5 12 . 3 4 19 15 32 1 AOE 1265 | . 19 93 27 4 . . 45 . . 12 31 175 4 . 151 79 . 13 165 . . 39 14 57 24 77 32 38 61 . 99 6 Terrain Rammed . | . . . . . . . . . . . . . . . . . . . . . . . . . . . . . . . . . Walls Destroyed . | . . . . . . . . . . . . . . . . . . . . . . . . . . . . . . . . . Machines Disabled . | . . . . . . . . . . . . . . . . . . . . . . . . . . . . . . . . . Actions | -11 -10 -10 -9 -9 -8 -7 -7 -7 -7 -6 -6 -6 -6 -6 -6 -5 -5 -5 -5 -5 -5 -4 -4 -4 -4 -4 -3 -3 -3 -2 -2 -2 --------- Run | Yrd Mat Min Mat Min Mat Fac Low Low Dat Pro Fac Ext Cet Arc Hub Fac Was Fac Upp Upp Zhi Pro Fac Upp Upp War Pro Res Qua Res Tes Sec Total 35057 | 106 831 784 1530 801 190 998 1577 1191 101 944 2736 1781 642 491 261 3391 416 2230 1101 1303 249 437 3081 1009 1002 1190 358 1024 1016 669 1090 527 Wait 4317 | 3 64 94 80 39 19 48 156 41 . 173 286 601 271 134 73 374 20 249 33 151 . 1 399 151 54 120 7 155 175 48 243 55 Move 28506 | 76 654 647 1287 726 152 888 1379 1125 98 756 2231 1047 340 309 175 2763 387 1888 1038 1122 212 430 2483 844 922 930 323 804 721 595 720 434 Hop . | . . . . . . . . . . . . . . . . . . . . . . . . . . . . . . . . . Pick Up 214 | 4 10 3 17 6 2 15 6 . . 3 16 3 4 6 1 27 1 6 . . 2 . 23 . 3 11 3 9 12 3 13 5 Fast Attach 95 | 8 2 1 12 1 . 2 1 1 . . 4 3 1 4 . 8 . . . . 9 . 11 . 1 4 1 1 7 2 8 3 Attach 55 | . 2 . 5 1 2 2 . . . 1 3 . 2 . . 9 . 2 . . . . 9 1 . . . 2 2 2 7 3 Detach 26 | 1 . . 2 . . . . . . . 2 . 1 2 . 2 . . . . . . 4 . . 1 . 1 2 . 6 2 Swap 319 | 2 15 11 22 4 3 11 9 . 1 4 32 21 5 5 . 25 3 5 10 . 3 3 31 3 1 15 10 22 24 . 15 4 Drop 255 | 1 13 8 14 8 1 18 7 1 1 1 27 7 4 5 1 17 1 4 . . 10 . 23 . 3 10 3 13 19 4 19 12 Fire 860 | 11 71 20 91 16 11 1 9 . . 2 58 59 6 8 6 119 2 66 20 30 . 3 34 10 18 32 11 17 54 15 59 1 Melee 280 | . . . . . . 13 10 23 . 4 76 3 2 18 5 34 2 10 . . 13 . 63 . . 4 . . . . . . Ram 1 | . . . . . . . . . . . 1 . . . . . . . . . . . . . . . . . . . . . Kick . | . . . . . . . . . . . . . . . . . . . . . . . . . . . . . . . . . Crush 1 | . . . . . . . . . . . . . . . . . . . . . . . . . . . . . . . . 1 Escape Stasis 21 | . . . . . . . . . . . . . . . . 13 . . . . . . 1 . . . . . . . . 7 Rewire 106 | . . . . . . . . . . . . 37 6 . . . . . . . . . . . . 63 . . . . . . Trap 1 | . . . . . . . . . 1 . . . . . . . . . . . . . . . . . . . . . . . Miscellaneous . | . . . . . . . . . . . . . . . . . . . . . . . . . . . . . . . . . Route ------- -11/Scrapyard -10/Materials (discovered 5 exits: *Mat x3 / [*Min x2]) -10/Mines (discovered 3 exits: *Mat x2 / [*Exi]) -9/Materials (discovered 3 exits: *Mat x2 / *Min) -9/Mines (discovered 2 exits: *Mat x2) -8/Materials -7/Factory (discovered 5 exits: *Fac / Sto x2 / *Low x2) -7/Lower Caves -7/Lower Caves (discovered 2 exits: *Fac / *Dat) -7/Data Miner -6/Proximity Caves -6/Factory (discovered 6 exits: *Fac x2 / *Low x2 / *Ext x2) -6/Extension (discovered 2 exits: *Fac / *Cet) -6/Cetus (discovered 2 exits: *Fac / *Arc) -6/Archives (discovered 3 exits: *Fac / *Hub x2) -6/Hub_04(d) (discovered 4 exits: *Fac x4) -5/Factory (discovered 6 exits: *Fac x4 / *Upp x2) -5/Waste -5/Factory (discovered 3 exits: *Fac / *Upp x2) -5/Upper Caves -5/Upper Caves (discovered 2 exits: *Fac / *Zhi) -5/Zhirov -4/Proximity Caves -4/Factory (discovered 5 exits: *Res x3 / *Upp x2) -4/Upper Caves -4/Upper Caves (discovered 2 exits: *Res / *War) -4/Warlord -3/Proximity Caves -3/Research (discovered 5 exits: *Res x2 / Arm / *Qua x2) -3/Quarantine -2/Research -2/Testing (discovered 3 exits: [Acc] / *Sec / [*Frg]) -2/Section 7 History --------- Turn | Location | Event 14 | -11/Scrapyard | Discovered new exit (range 16) 123 | -11/Scrapyard | Entered Materials 233 | -10/Materials | Discovered new exit (range 3) 291 | -10/Materials | Discovered new exit (range 13) 310 | -10/Materials | Build established: Mutant 515 | -10/Materials | Discovered new exit (range 10) 534 | -10/Materials | Discovered new exit (range 8) 779 | -10/Materials | Discovered new exit (range 7) 965 | -10/Materials | Entered Mines 967 | -10/Mines | Build established: Scavenger-Mutant 974 | -10/Mines | Met a Derelict bent on vengeance 1094 | -10/Mines | Learned location of Storage (-7) 1094 | -10/Mines | Discovered new exit (range 3) 1165 | -10/Mines | Discovered new exit (range 15) 1178 | -10/Mines | Deemed a non-threat by the Exiles lab entrance 1179 | -10/Mines | Discovered new exit (range 5) 1234 | -10/Mines | Received a Rocket Launcher from a helpful Derelict 1251 | -10/Mines | Assembled infested the area 1276 | -10/Mines | Build established: Mutant 1650 | -10/Mines | Entered Materials 1650 | -9/Materials | Evolved 2 slots: Utility x2 2378 | -9/Materials | Discovered new exit (range 16) 2408 | -9/Materials | Build established: Scavenger-Mutant 2729 | -9/Materials | Discovered new exit (range 16) 2936 | -9/Materials | Central database locked down 2955 | -9/Materials | Discovered new exit (range 9) 3067 | -9/Materials | Build established: Mutant 3325 | -9/Materials | Entered Mines 3326 | -9/Mines | Met a Derelict testing a Signal Generator 3328 | -9/Mines | Found Signal Generator 3517 | -9/Mines | Discovered new exit (range 4) 3527 | -9/Mines | Met a Derelict shopkeep closing up shop 3695 | -9/Mines | Discovered new exit (range 11) 4081 | -9/Mines | Assisted by bots powering up and referring to "LRC-V3" 4156 | -9/Mines | Entered Materials 4156 | -8/Materials | Accompanied by 1 ally 4156 | -8/Materials | Evolved 2 slots: Propulsion x2 4352 | -8/Materials | Discovered new exit (range 10) 4360 | -8/Materials | Entered Factory 4360 | -7/Factory | Evolved 2 slots: Propulsion x1, Utility x1 4361 | -7/Factory | Identified exit to Lower Caves 4453 | -7/Factory | Build established: Scavenger-Mutant 4455 | -7/Factory | Discovered new exit (range 4) 4457 | -7/Factory | Identified exit to Factory 4803 | -7/Factory | Identified exit to Storage 4890 | -7/Factory | Build established: Mutant 4943 | -7/Factory | Central database locked down 4980 | -7/Factory | Entered Lower Caves 5210 | -7/Lower Caves | Learned Factory stockpile data 5573 | -7/Lower Caves | Encountered a Warlord checkpoint 5853 | -7/Lower Caves | Discovered new exit (range 6) 5936 | -7/Lower Caves | Identified exit to Lower Caves 5937 | -7/Lower Caves | Entered another Lower Caves area 5982 | -7/Lower Caves | Discovered exit to Factory (range 6) 6023 | -7/Lower Caves | Spotted B-75 Beast 6088 | -7/Lower Caves | Encountered a Warlord checkpoint 6345 | -7/Lower Caves | Attracted the attention of an 0b10 checkpoint 6377 | -7/Lower Caves | Learned Factory interactive machine intel 6562 | -7/Lower Caves | Discovered new exit (range 11) 6580 | -7/Lower Caves | Learned location of Extension (-6) 6634 | -7/Lower Caves | Identified exit to Data Miner 6634 | -7/Lower Caves | Entered Data Miner 6634 | -7/Data Miner | Discovered new exit (range 6) 6645 | -7/Data Miner | Met Data Miner 6665 | -7/Data Miner | Learned location of Section 7 (-2) 6665 | -7/Data Miner | Acquired the access code to Warlord's prototype stash 6674 | -7/Data Miner | Received God Mode back door access code from Data Miner 6687 | -7/Data Miner | Data Conduit disabled 6689 | -7/Data Miner | Identified exit to Proximity Caves 6690 | -7/Data Miner | Entered Proximity Caves 6975 | -6/Proximity Caves | Build established: Scavenger-Scout 6994 | -6/Proximity Caves | Learned Factory stockpile data 7144 | -6/Proximity Caves | Learned Factory interactive machine intel 7217 | -6/Proximity Caves | Learned location of 1 exit from Factory 7277 | -6/Proximity Caves | Discovered exit to Factory (range 4) 7289 | -6/Proximity Caves | Entered Factory 7289 | -6/Factory | Evolved 2 slots: Utility x2 7290 | -6/Factory | Identified exit to Lower Caves 7292 | -6/Factory | Loaded intel: 56 interactive machine locations 7871 | -6/Factory | Identified exit to Extension 7982 | -6/Factory | Build established: Hacker-Scout 8030 | -6/Factory | Discovered new exit (range 6) 8032 | -6/Factory | Identified exit to Factory 8203 | -6/Factory | Fabricated Mni. Smartbomb Launcher? 8508 | -6/Factory | Discovered exit to Factory (range 11) 8877 | -6/Factory | Hacking Suite fried by hacking feedback 9016 | -6/Factory | Fabricated Hcp. Storage Unit (x1) 9093 | -6/Factory | Entered Extension 9314 | -6/Extension | Rescued a captive Derelict 9333 | -6/Extension | Rescued a captive Derelict 9427 | -6/Extension | Rescued A7 9700 | -6/Extension | Rescued a captive Derelict 9800 | -6/Extension | Build established: Commander-Scout 9864 | -6/Extension | Spotted B-75 Beast 9887 | -6/Extension | Destroyed B-75 Beast 9908 | -6/Extension | Spotted B-75 Beast 9934 | -6/Extension | Destroyed B-75 Beast 9964 | -6/Extension | Lost 3 allies 10174 | -6/Extension | Rescued a captive Derelict 10330 | -6/Extension | Rescued a captive Derelict 10348 | -6/Extension | Discovered exit to Factory (range 19) 10348 | -6/Extension | Discovered new exit (range 15) 10364 | -6/Extension | Identified exit to Cetus 10437 | -6/Extension | Entered Cetus 10437 | -6/Cetus | Accompanied by 12 allies (A7) 10442 | -6/Cetus | Acquired a Cetus Manufacturing Module code from A7 10450 | -6/Cetus | Spotted Cetus Guard 10451 | -6/Cetus | Spotted Cetus Guard 10451 | -6/Cetus | Spotted Cetus Guard 10452 | -6/Cetus | Spotted Cetus Guard 10461 | -6/Cetus | Allies destroyed Cetus Guard 10467 | -6/Cetus | Allies destroyed Cetus Guard 10475 | -6/Cetus | Destroyed Cetus Guard 10480 | -6/Cetus | Destroyed Cetus Guard 10504 | -6/Cetus | Lost 3 allies 10506 | -6/Cetus | Started Cetus Manufacturing Module 10510 | -6/Cetus | Escorted A7 to Cetus Mainframe 10531 | -6/Cetus | Manufactured an Enhanced Grunt 10556 | -6/Cetus | Manufactured an Enhanced Grunt 10581 | -6/Cetus | Manufactured an Enhanced Grunt 10606 | -6/Cetus | Manufactured an Enhanced Grunt 10631 | -6/Cetus | Manufactured an Enhanced Grunt 10644 | -6/Cetus | Discovered new exit (range 21) 10798 | -6/Cetus | Spotted Cetus Guard 10798 | -6/Cetus | Spotted Cetus Guard 10802 | -6/Cetus | Spotted Cetus Guard 10804 | -6/Cetus | Spotted Cetus Guard 10805 | -6/Cetus | Allies destroyed Cetus Guard 10806 | -6/Cetus | Discovered exit to Factory (range 22) 10817 | -6/Cetus | Allies destroyed Cetus Guard 10818 | -6/Cetus | Rewired Cetus Guard 10822 | -6/Cetus | Allies destroyed Cetus Guard 10823 | -6/Cetus | Met Revision 17 10849 | -6/Cetus | Identified exit to Archives 10913 | -6/Cetus | Entered Archives 10913 | -6/Archives | Accompanied by 14 allies (A7) 10918 | -6/Archives | Received a hacking code to weaken MAIN.C 10967 | -6/Archives | Discovered new exit (range 21) 11034 | -6/Archives | Discovered exit to Factory (range 15) 11055 | -6/Archives | Discovered new exit (range 22) 11137 | -6/Archives | Build established: Commander-Mutant 11207 | -6/Archives | Identified exit to Hub_04(d) 11278 | -6/Archives | Entered Hub_04(d) 11278 | -6/Hub_04(d) | Accompanied by 12 allies 11433 | -6/Hub_04(d) | Network Hub disabled 11454 | -6/Hub_04(d) | Network Hub disabled 11462 | -6/Hub_04(d) | Entered Factory 11462 | -5/Factory | Evolved 2 slots: Propulsion x1, Utility x1 11464 | -5/Factory | Loaded intel: 54 interactive machine locations 11493 | -5/Factory | Lost 7 allies 11768 | -5/Factory | Build established: Hacker-Mutant 11844 | -5/Factory | Discovered new exit (range 9) 11906 | -5/Factory | Identified exit to Upper Caves 11991 | -5/Factory | Central database locked down 12034 | -5/Factory | Fabricated Lrn. Sensor Array (x2) 12125 | -5/Factory | Discovered exit to Upper Caves (range 14) 12287 | -5/Factory | Build established: Wizard-Mutant 12776 | -5/Factory | Discovered new exit (range 8) 12779 | -5/Factory | Identified exit to Factory 12837 | -5/Factory | Discovered exit to Factory (range 12) 12854 | -5/Factory | Repaired Cld. Gravmag System? 13104 | -5/Factory | Discovered exit to Factory (range 6) 13222 | -5/Factory | Repaired Mni. Smartbomb Launcher 13392 | -5/Factory | Discovered exit to Factory (range 9) 13495 | -5/Factory | Spotted B-75 Beast 13496 | -5/Factory | Sucked down chute 13496 | -5/Factory | Entered Waste 13517 | -5/Waste | Spotted C-40 Crusher 13538 | -5/Waste | Spotted C-40 Crusher 13540 | -5/Waste | Spotted C-40 Crusher 13542 | -5/Waste | Spotted C-40 Crusher 13555 | -5/Waste | Warlord forces began an assault 13653 | -5/Waste | Discovered new exit (range 13) 13713 | -5/Waste | Identified exit to Factory 13713 | -5/Waste | Entered Factory 13755 | -5/Factory | Discovered exit to Factory (range 3) 13953 | -5/Factory | Fabricated Exp. Utility Shielding (x1) 14579 | -5/Factory | Central database locked down 15024 | -5/Factory | Entered Upper Caves 15029 | -5/Upper Caves | Encountered a Warlord checkpoint 15376 | -5/Upper Caves | Attracted the attention of an 0b10 checkpoint 15538 | -5/Upper Caves | Discovered new exit (range 5) 15605 | -5/Upper Caves | Identified exit to Upper Caves 15606 | -5/Upper Caves | Entered another Upper Caves area 15649 | -5/Upper Caves | Discovered exit to Factory (range 15) 15923 | -5/Upper Caves | Spotted B-75 Beast 15985 | -5/Upper Caves | Discovered new exit (range 14) 15990 | -5/Upper Caves | Identified exit to Zhirov 16345 | -5/Upper Caves | Entered Zhirov 16345 | -5/Zhirov | Discovered new exit (range 4) 16354 | -5/Zhirov | Met Zhirov 16364 | -5/Zhirov | Learned location of Quarantine (-3) 16364 | -5/Zhirov | Learned location of Testing (-2) 16364 | -5/Zhirov | Learned location of Command (-1) 16371 | -5/Zhirov | Zhirov requested help retrieving the SGEMP Prototype 16462 | -5/Zhirov | Found Alien Artifact 16472 | -5/Zhirov | Found Alien Artifact 16472 | -5/Zhirov | Identified Integrated Reactor 16472 | -5/Zhirov | Installed Integrated Reactor, increased core energy generation (+10) 16506 | -5/Zhirov | Identified exit to Proximity Caves 16507 | -5/Zhirov | Entered Proximity Caves 16605 | -4/Proximity Caves | Learned location of 1 exit from Research 16732 | -4/Proximity Caves | Discovered exit to Factory (range 6) 16748 | -4/Proximity Caves | Entered Factory 16748 | -4/Factory | Evolved 2 slots: Utility x2 16851 | -4/Factory | Found Quantum Capacitor 17008 | -4/Factory | Repaired Cmb. Antigrav System 17037 | -4/Factory | Repaired Cmb. Gravmag System 17096 | -4/Factory | Spotted B-86 Titan 17144 | -4/Factory | Identified exit to Upper Caves 17206 | -4/Factory | Discovered new exit (range 15) 17206 | -4/Factory | Discovered new exit (range 16) 17249 | -4/Factory | Identified exit to Research 17488 | -4/Factory | Identified Transdimensional Reconstructor 17553 | -4/Factory | Fabricated Prc. Energy Filter? 17638 | -4/Factory | Fabricated Prc. Energy Filter? 17758 | -4/Factory | Fabricated Gamma Bomb Array? 17820 | -4/Factory | Fabricated Adv. EM Shield? 17874 | -4/Factory | Fabricated Exp. Terrain Scan Processor? 17928 | -4/Factory | Fabricated Exp. Signal Interpreter? 18001 | -4/Factory | P-80 Master assimilated allied Technician 7a 18078 | -4/Factory | Fabricated Exp. Utility Shielding (x1) 18106 | -4/Factory | Fabricated Weapon Mount (x2) 18403 | -4/Factory | Central database locked down 18645 | -4/Factory | Build established: Machinist-Ninja 18661 | -4/Factory | Repaired Exp. Utility Shielding 18707 | -4/Factory | Discovered exit to Research (range 23) 18808 | -4/Factory | Entered Upper Caves 18911 | -4/Upper Caves | Warped through subspace 18917 | -4/Upper Caves | Encountered a Warlord checkpoint 19157 | -4/Upper Caves | Discovered new exit (range 23) 19428 | -4/Upper Caves | Identified exit to Upper Caves 19434 | -4/Upper Caves | Entered another Upper Caves area 19594 | -4/Upper Caves | Discovered new exit (range 17) 19655 | -4/Upper Caves | Build established: Machinist-Scout 19703 | -4/Upper Caves | Discovered exit to Research (range 24) 19846 | -4/Upper Caves | Attracted the attention of an 0b10 checkpoint 19996 | -4/Upper Caves | Identified exit to Warlord 20000 | -4/Upper Caves | Learned Research security intel 20002 | -4/Upper Caves | Encountered a Warlord checkpoint 20008 | -4/Upper Caves | Entered a destroyed Warlord outpost 20023 | -4/Upper Caves | Entered Warlord 20041 | -4/Warlord | System corruption cleaned by Quarantine Array 20258 | -4/Warlord | Visited the Vortex Lab 20278 | -4/Warlord | Warlord's base attacked by MAIN.C 20298 | -4/Warlord | Met Warlord 20299 | -4/Warlord | Opened Warlord's prototype stash 20316 | -4/Warlord | Found Prototype Device 20321 | -4/Warlord | Identified Exp. Cloaking Device 20322 | -4/Warlord | Found Prototype Reactor 20324 | -4/Warlord | Identified Vortex Chain Reactor 20327 | -4/Warlord | Found Prototype Device 20333 | -4/Warlord | Found Prototype Hackware 20406 | -4/Warlord | Found Prototype Energy Cannon 20408 | -4/Warlord | Found Prototype Energy Cannon 20429 | -4/Warlord | Identified Vortex Cannon (x2) 20456 | -4/Warlord | Identified Ghost Barrier 20482 | -4/Warlord | Identified Thermal Barrier 20628 | -4/Warlord | Warlord forces counterattacked 20632 | -4/Warlord | Lost 7 allies 20673 | -4/Warlord | Spotted Striker 20771 | -4/Warlord | Lost 20 allies 20784 | -4/Warlord | Found Prototype Processor 20786 | -4/Warlord | Discovered new exit (range 24) 20850 | -4/Warlord | Lost 4 allies 20888 | -4/Warlord | Spotted Striker 20952 | -4/Warlord | Destroyed B-90 Cyclops 20953 | -4/Warlord | Warlord base infiltrated, sounded retreat 20991 | -4/Warlord | Destroyed 7 combat bots 21012 | -4/Warlord | Spotted Striker 21105 | -4/Warlord | Spotted Executioner 21110 | -4/Warlord | Destroyed Executioner 21132 | -4/Warlord | Spotted Striker 21160 | -4/Warlord | Destroyed 10 combat bots 21176 | -4/Warlord | Identified exit to Proximity Caves 21178 | -4/Warlord | Spotted Executioner 21178 | -4/Warlord | Spotted Executioner 21178 | -4/Warlord | Entered Proximity Caves 21209 | -3/Proximity Caves | Lost 10 allies 21284 | -3/Proximity Caves | Identified Exp. Core Analyzer 21346 | -3/Proximity Caves | Found Alien Artifact 21346 | -3/Proximity Caves | Identified Dimensional Node Initializer 21346 | -3/Proximity Caves | Initialized slip node 21371 | -3/Proximity Caves | Spotter reported a threat 21466 | -3/Proximity Caves | Build established: Machinist-Skirmisher 21564 | -3/Proximity Caves | Discovered exit to Research (range 16) 21584 | -3/Proximity Caves | System corruption reached 10% 21585 | -3/Proximity Caves | Entered Research 21585 | -3/Research | Evolved 2 slots: Power x1, Utility x1 21586 | -3/Research | Identified exit to Armory 21785 | -3/Research | Revision forces began assault on 0b10 21799 | -3/Research | Fabricated Hvy. Reactive Plating (x1) 21810 | -3/Research | Met up with Revision 17++ 21961 | -3/Research | Murdered Revision 22224 | -3/Research | Discovered new exit (range 23) 22260 | -3/Research | Identified exit to Research 22280 | -3/Research | Identified exit to Quarantine 22285 | -3/Research | Research terminal network offline 22311 | -3/Research | Discovered exit to Research (range 23) 22327 | -3/Research | Found Prototype Processor 22341 | -3/Research | Identified Exp. Target Analyzer 22547 | -3/Research | Build established: Hacker-Skirmisher 22568 | -3/Research | Lost 3 allies 22664 | -3/Research | Entered Quarantine 22702 | -3/Quarantine | Found Alien Artifact 22712 | -3/Quarantine | Repaired Exp. Utility Shielding? 22714 | -3/Quarantine | Identified Core Reset Matrix 22786 | -3/Quarantine | Repaired Gamma Bomb Array? 22915 | -3/Quarantine | Found Alien Artifact 22942 | -3/Quarantine | Found Alien Artifact 23088 | -3/Quarantine | Found Prototype Device 23107 | -3/Quarantine | Build established: Machinist-Skirmisher 23132 | -3/Quarantine | Identified Exp. Shield Generator 23149 | -3/Quarantine | Identified Phase Armor 23149 | -3/Quarantine | Identified Subatomic Replicator 23179 | -3/Quarantine | Found Dimensional Node Initializer 23179 | -3/Quarantine | Initialized slip node 23193 | -3/Quarantine | Cryocooling Duct disabled 23204 | -3/Quarantine | Found Alien Artifact 23208 | -3/Quarantine | Ambient heat levels rising (+20) 23208 | -3/Quarantine | Non-combat units ordered to evacuate 23664 | -3/Quarantine | Found Alien Artifact 23806 | -3/Quarantine | Entered Research 23806 | -2/Research | Warlord forces began assault on 0b10 23806 | -2/Research | Evolved 2 slots: Utility x2 23843 | -2/Research | Identified Phase Redirector 23843 | -2/Research | Identified Hpw. Transdimensional Reconstructor 23916 | -2/Research | Research machine network offline 24017 | -2/Research | Discovered new exit (range 24) 24459 | -2/Research | Borebot progress halted 24474 | -2/Research | Met up with Warlord 24553 | -2/Research | Borebot progress halted 24719 | -2/Research | Identified exit to Testing 24741 | -2/Research | Borebot progress halted 24830 | -2/Research | Entered Testing 24941 | -2/Testing | Found Prototype Device 24941 | -2/Testing | Identified AEGIS Remote Shield 25078 | -2/Testing | Found Prototype Ballistic Cannon 25183 | -2/Testing | Identified Omega Cannon 25284 | -2/Testing | Found Prototype Energy Cannon 25284 | -2/Testing | Identified Null Cannon 25314 | -2/Testing | Spotted Striker 25316 | -2/Testing | Spotted Striker 25338 | -2/Testing | Found Prototype Energy Cannon 25338 | -2/Testing | Identified Potential Cannon 25341 | -2/Testing | Found Prototype Energy Cannon 25341 | -2/Testing | Identified Imp. Potential Cannon 25483 | -2/Testing | Discovered new exit (range 24) 25878 | -2/Testing | Warped through subspace 25917 | -2/Testing | Found Thermal Barrier 26032 | -2/Testing | Found Prototype Device 26032 | -2/Testing | Identified Exp. Hardlight Generator 26209 | -2/Testing | Spotted Fortress 26315 | -2/Testing | Discovered new exit (range 5) 26315 | -2/Testing | Discovered new exit (range 6) 26319 | -2/Testing | Identified exit to Section 7 26321 | -2/Testing | Entered Section 7 26359 | -2/Section 7 | Used Core Reset Matrix 26363 | -2/Section 7 | Detected hypermatrix surge 26363 | -2/Section 7 | Sensed 25 artifacts in vicinity 26365 | -2/Section 7 | Spotted S7 Guard 26378 | -2/Section 7 | Found Integrated Thermoelectric Network 26378 | -2/Section 7 | Installed Integrated Thermoelectric Network, gained heat-energy exchange potential 26423 | -2/Section 7 | Spotted S7 Guard 26446 | -2/Section 7 | Found Navigation Efficiency Matrix 26446 | -2/Section 7 | Installed Navigation Efficiency Matrix, process failed with unexpected side effects 26537 | -2/Section 7 | Spotted Alpha 7 26543 | -2/Section 7 | Spotted Alpha 7 26547 | -2/Section 7 | Core integrity fell below 50% 26547 | -2/Section 7 | Spotted B-99 Colossus 26548 | -2/Section 7 | Lost 3 parts (3n) 26572 | -2/Section 7 | Found Terrabomb 26572 | -2/Section 7 | Used Terrabomb 26577 | -2/Section 7 | Found Hpw. Transdimensional Reconstructor 26583 | -2/Section 7 | Found Transdimensional Reconstructor 26589 | -2/Section 7 | Found Drained L-Cannon 26603 | -2/Section 7 | Spotted Striker 26603 | -2/Section 7 | Spotted Striker 26638 | -2/Section 7 | Spotted Executioner 26638 | -2/Section 7 | Spotted Executioner 26641 | -2/Section 7 | Core integrity fell below 20% 26647 | -2/Section 7 | Build established: Alien-Mutant 26656 | -2/Section 7 | Warped through subspace 26659 | -2/Section 7 | Destroyed by H-88 Terminator with KE Penetrator Last Messages --------------- 26609_ Navigation matrix triggers involuntary quantum shift. 26631_ System corrupted: Heat flow error (+238). 26636_ Navigation matrix triggers involuntary quantum shift. 26637_ Striker springs to life. 26638_ Knocked back. 26641_ Acquired 3 matter. 26642_ Striker knocked back. 26642_ Exp. Signal Interpreter destroyed. 26642_ Knocked back. 26645_ Acquired 3 matter. 26645_ Graphene Brace destroyed. 26646_ Knocked back. 26647_ Acquired 2 matter. 26656_ Warped through subspace. 26656_ Slug penetrates Machine. 26656_ Penetrated by Slug. 26656_ W-44 Eye sends out distress signal. 26658_ Penetrated by Slug. 26658_ Navigation matrix triggers involuntary quantum shift. 26658_ K-01 Serf collects debris. Map ----- +----------------------------------------------------+ | ?????????????????????????? " " " """" | | ??????????????????????? " " | | ?????????????????????????? " """"""" | | ?????????????????????????????" " "????" | | ?????????????????????????????"""" " """"""" | | ??????????????????????? """""" | | ?????????????????????? | | ??????????????????? ?? | | ??????????????????? ? """""" | | ?????????????????? ??????"""" " | | ??????????????????? """""" """"" | | ?????????????????? "??? "" | | ?????????????????? """??? | | ????????????????? " | | ????????????????? " | | ????????????????? """ | | ????????????????? "" T | | ????????????????? """" | | ???????????????? ???" "" ?? | | ????????????????" ???" ?" """ "" ?? | | ?????????????????" ? ?? """ " ?? | | #???????????????""" ???" "" "?"""??? | | #??????????????#""" """???? " ""??????? | | #??????????????#""" "????""" "" "???????? | | #???#######??# # """""" k "???????? | | #???# 7 @ "????????? | | #???# / w "???????? | | #???# k/ """"" "???????? | | #???# ? /7 % ch """?? ????? | | #???# #?### # h "??? ???? | | #???# #?????#""" """"" ???? | | ###?# #?????#""" ???? | | #?# #?????#""" ?????? | | #?# #?????#"" k ?????? | | #?# #?????#" ?????? | | #?# #?????# "" "" """""" #?????? | | #?# #?????# """""""""""" ??????? | | #?# #?????##################### ###++??????? | | ### #?????????????????????????? #??????????? | | #???????????????????????????##??????????? | | #???????????????????????????????????????? | | #???????????????????????????????????????? | | #???????????????????????????????????????? | | ######+#+#???????????????????????????????????????? | | ?????????????????????????????????????????????????? | | ?????????????????????????????????????????????????? | | ?????????????????????????????????????????????????? | | ?????????????????????????????????????????????????? | | ?????????????????????????????????????????????????? | | ?????????????????????????????????????????????????? | +----------------------------------------------------+ Best States ------------- Heat Dissipation 49 Coolant Potential 100 Energy Generation 65 Energy Capacity 1100 Matter Stores 300 Matter Capacity 300 Sight Range 22 Robot Scan Range 18 Terrain Scan Range 24 Terrain Scan Density 1010 Jamming Range 16 Power Amplification 40 Armor Coverage 600 Resistance: KI 40 Resistance: TH 50 Resistance: EM 50 Utility Shielding 90 Phase Shifting 5 Evasion (%) 84 Targeting Accuracy 20 Recoil Reduction 6 Energy Filtering 75 Offensive Hacking 62 Defensive Hacking 20 Authchip Count 8 Item Schematics ----------------- None Robot Schematics ------------------ None Fabricated ------------ Mni. Smartbomb Launcher | x1 | -6/Factory | Authchip Hcp. Storage Unit | x1 | -6/Factory Lrn. Sensor Array | x2 | -5/Factory | Authchip Exp. Utility Shielding | x1 | -5/Factory | Authchip Prc. Energy Filter | x1 | -4/Factory | Authchip Prc. Energy Filter | x1 | -4/Factory | Authchip Gamma Bomb Array | x1 | -4/Factory | Authchip Adv. EM Shield | x1 | -4/Factory | Authchip Exp. Terrain Scan Processor | x1 | -4/Factory | Authchip Exp. Signal Interpreter | x1 | -4/Factory | Authchip Exp. Utility Shielding | x1 | -4/Factory | Authchip Weapon Mount | x2 | -4/Factory Hvy. Reactive Plating | x1 | -3/Research Repaired ---------- Cld. Gravmag System | 58% | -5/Factory Mni. Smartbomb Launcher | 15% | -5/Factory Cmb. Antigrav System | 31% | -4/Factory Cmb. Gravmag System | 61% | -4/Factory Exp. Utility Shielding | 47% | -4/Factory Exp. Utility Shielding | 64% | -3/Quarantine Gamma Bomb Array | 69% | -3/Quarantine Alien Tech Used ----------------- Integrated Reactor Transdimensional Reconstructor Dimensional Node Initializer Phase Armor High-powered Transdimensional Reconstructor Phase Redirector Core Reset Matrix Integrated Thermoelectric Network Navigation Efficiency Matrix Terrabomb Achievements -------------- None Challenges ------------ None Game ------ Seed ConstructPowerExpander Manual? 0 Play Time 07:33:28 Cumulative 461.1 hours Start 2025.08.26 @ 00:12:55 End 2025.08.26 @ 17:27:13 Sessions 3 Manual Loads 0 Difficulty Rogue Special Mode None Game No. 219 Rogue 219 Adventurer 0 Explorer 0 Win Type - Total 5 Types 5/0/0/0/0/0/0/0/0/0 Lore% 64 Gallery% 71 Achievement% 64 Wizard Run 0 Options --------- Layout 0 ASCII 0 Keyboard 1 Movement Vi Keybinds 0 Fullscreen 2 Font 18/SmallcapsGlow Map View 76x50 Zoom Use 0% Tactical HUD 1 Map Filters NONE Filters NONE Steam 1 RUN: f128cce6-0471-4a45-9393-3bf56e122aa1